Workbook
Name _AA100000: #REF!
Name _Fill: #REF!
Name _LOC10: #REF!
Name _LOC11: #REF!
Name _LOC12: #REF!
Name _LOC13: #REF!
Name _LOC14: #REF!
Name _LOC15: #REF!
Name _LOC16: #REF!
Name _LOC17: #REF!
Name _LOC18: #REF!
Name _LOC19: #REF!
Name _LOC2: #REF!
Name _LOC20: #REF!
Name _LOC21: #REF!
Name _LOC22: #REF!
Name _LOC23: #REF!
Name _LOC24: #REF!
Name _LOC25: #REF!
Name _LOC26: #REF!
Name _LOC27: #REF!
Name _LOC28: #REF!
Name _LOC29: #REF!
Name _LOC3: #REF!
Name _LOC30: #REF!
Name _LOC31: #REF!
Name _LOC32: #REF!
Name _LOC33: #REF!
Name _LOC34: #REF!
Name _LOC35: #REF!
Name _LOC36: #REF!
Name _LOC37: #REF!
Name _LOC38: #REF!
Name _LOC39: #REF!
Name _LOC4: #REF!
Name _LOC40: #REF!
Name _LOC41: #REF!
Name _LOC42: #REF!
Name _LOC5: #REF!
Name _LOC6: #REF!
Name _LOC7: #REF!
Name _LOC8: #REF!
Name _LOC9: #REF!
Name _R: #REF!
Name AAA: #REF!
Name AC: #REF!
Name AL: #REF!
Name Área_impressão_IM: #REF!
Name B.01.05.10.10: #REF!
Name CD: #REF!
Name CP: #REF!
Name CS: #REF!
Name CT: #REF!
Name EV: #REF!
Name IC: #REF!
Name IMPR: #REF!
Name IMPR1: #REF!
Name IS: #REF!
Name LB: #REF!
Name MACROS: #REF!

Sheet DADOS GERAIS
B2: DADOS GERAIS
B8: Secretaria de Atenção Primária à Saúde
B9: =C15 -> Unidade Básica de Saúde Porte 3 - Área Construída: 665,76m²
B11: Bancos:
B12: SINAPI (11/2024) - CPOS/CDHU (01/2025) - SBC (01/2025) - ORSE (10/2024) - IOPES (08/2024) - EMOP (11/2024) - SEINFRA (028) - SETOP (10/2024)
B15: Obra: | C15: Unidade Básica de Saúde Porte 3 - Área Construída: 665,76m²
B16: Local: | C16: Ministério da Saúde - Departamento de Estratégias e Políticas de Saúde Comunitária
B17: Região: | C17: MG
B18: Data Base: | C18: 45597
B19: BDI Geral (%): | C19: ='BDI SEM DESONERAÇÃO'!E36 -> 0.20812597
B20: BDI Equipamentos (%): | C20: ='BDI SEM DESONERAÇÃO'!F36 -> 0.13512301
B21: Área construída (m²): | C21: 665.76
B22: Data: | C22: 19/03/2025
B23: Revisão: | C23: 01
B24: Responsável Técnico pelo Orçamento:
B25: Cargo Responsável Técnico:
B31: ________________________________________________________________________________
B32: =C24 -> 0
B33: =C25 -> 0

Sheet CRONOGRAMA
B2: CRONOGRAMA FÍSICO-FINANCEIRO
B8: Secretaria de Atenção Primária à Saúde
B11: Bancos:
B12: SINAPI (11/2024) - CPOS/CDHU (01/2025) - SBC (01/2025) - ORSE (10/2024) - IOPES (08/2024) - EMOP (11/2024) - SEINFRA (028)
B15: PREFEITURA: Prefeitura Municipal de Poços de Caldas | E15: VALOR DO SERVIÇO: | G15: ='ORC. SINTÉTICO'!P586 -> 0
B16: ='[1]ORC. SINTÉTICO'!B9 -> Unidade Básica de Saúde Porte 3 - Área Construída: 665,76m² | E16: LOCAL: Rua das Recordações, S/Nº, bairro Santo André | I16: EXECUÇÃO=12 MESES
B17: ITEM | C17: ETAPAS/DESCRIÇÃO | D17: FÍSICO/ FINANCEIRO | E17: TOTAL ETAPAS | F17: MÊS 1 | G17: MÊS 2 | H17: MÊS 3 | I17: MÊS 4 | J17: MÊS 5 | K17: MÊS 6 | L17: MÊS 7 | M17: MÊS 8 | N17: MÊS 9 | O17: MÊS 10 | P17: MÊS 11 | Q17: MÊS 12
B18: 1 | C18: SERVIÇOS PRELIMINARES E INDIRETOS | D18: Físico % | E18: =E19/G15 -> #DIV/0! | S18: =SUM(F18:Q18) -> 0
D19: Financeiro | E19: ='ORC. SINTÉTICO'!Q18 -> 0 | F19: =F18*$E$19 -> 0 | G19: =G18*$E$19 -> 0 | H19: =H18*$E$19 -> 0 | I19: =I18*$E$19 -> 0 | J19: =J18*$E$19 -> 0 | K19: =K18*$E$19 -> 0 | L19: =L18*$E$19 -> 0 | M19: =M18*$E$19 -> 0 | ... Q19: =Q18*$E$19 -> 0 | S19: =SUM(F19:Q19) -> 0 | T19: =IF(S19=E19,"OK","CONFERIR") -> OK
B20: 2 | C20: ='[1]ORC. SINTÉTICO'!E39 -> FUNDAÇÃO | D20: Físico % | E20: =E21/G15 -> #DIV/0! | S20: =SUM(F20:Q20) -> 0
D21: Financeiro | E21: ='ORC. SINTÉTICO'!Q36 -> 0 | F21: =$E$21*F20 -> 0 | G21: =$E$21*G20 -> 0 | H21: =$E$21*H20 -> 0 | I21: =$E$21*I20 -> 0 | J21: =$E$21*J20 -> 0 | K21: =$E$21*K20 -> 0 | L21: =$E$21*L20 -> 0 | M21: =$E$21*M20 -> 0 | ... Q21: =$E$21*Q20 -> 0 | S21: =SUM(F21:Q21) -> 0 | T21: =IF(S21=E21,"OK","CONFERIR") -> OK
B22: 3 | C22: ='[1]ORC. SINTÉTICO'!E76 -> ESTRUTURA | D22: Físico % | E22: =E23/G15 -> #DIV/0! | S22: =SUM(F22:Q22) -> 0
D23: Financeiro | E23: ='ORC. SINTÉTICO'!Q73 -> 0 | F23: =$E$23*F22 -> 0 | G23: =$E$23*G22 -> 0 | H23: =$E$23*H22 -> 0 | I23: =$E$23*I22 -> 0 | J23: =$E$23*J22 -> 0 | K23: =$E$23*K22 -> 0 | L23: =$E$23*L22 -> 0 | M23: =$E$23*M22 -> 0 | ... Q23: =$E$23*Q22 -> 0 | S23: =SUM(F23:Q23) -> 0 | T23: =IF(S23=E23,"OK","CONFERIR") -> OK
B24: 4 | C24: ='[1]ORC. SINTÉTICO'!E125 -> ALVENARIA, VEDAÇÕES E DIVISÓRIAS | D24: Físico % | E24: =E25/G15 -> #DIV/0! | S24: =SUM(F24:Q24) -> 0
D25: Financeiro | E25: ='ORC. SINTÉTICO'!Q122 -> 0 | F25: =$E$25*F24 -> 0 | G25: =$E$25*G24 -> 0 | H25: =$E$25*H24 -> 0 | I25: =$E$25*I24 -> 0 | J25: =$E$25*J24 -> 0 | K25: =$E$25*K24 -> 0 | L25: =$E$25*L24 -> 0 | M25: =$E$25*M24 -> 0 | ... Q25: =$E$25*Q24 -> 0 | S25: =SUM(F25:Q25) -> 0 | T25: =IF(S25=E25,"OK","CONFERIR") -> OK
B26: 5 | C26: ='[1]ORC. SINTÉTICO'!E142 -> COBERTURA | D26: Físico % | E26: =E27/G15 -> #DIV/0! | S26: =SUM(F26:Q26) -> 0
D27: Financeiro | E27: ='ORC. SINTÉTICO'!Q139 -> 0 | F27: =$E$27*F26 -> 0 | G27: =$E$27*G26 -> 0 | H27: =$E$27*H26 -> 0 | I27: =$E$27*I26 -> 0 | J27: =$E$27*J26 -> 0 | K27: =$E$27*K26 -> 0 | L27: =$E$27*L26 -> 0 | M27: =$E$27*M26 -> 0 | ... Q27: =$E$27*Q26 -> 0 | S27: =SUM(F27:Q27) -> 0 | T27: =IF(S27=E27,"OK","CONFERIR") -> OK
B28: 6 | C28: ='[1]ORC. SINTÉTICO'!E154 -> IMPERMEABILIZAÇÃO | D28: Físico % | E28: =E29/G15 -> #DIV/0! | S28: =SUM(F28:Q28) -> 0
D29: Financeiro | E29: ='ORC. SINTÉTICO'!Q151 -> 0 | F29: =$E$29*F28 -> 0 | G29: =$E$29*G28 -> 0 | H29: =$E$29*H28 -> 0 | I29: =$E$29*I28 -> 0 | J29: =$E$29*J28 -> 0 | K29: =$E$29*K28 -> 0 | L29: =$E$29*L28 -> 0 | M29: =$E$29*M28 -> 0 | ... Q29: =$E$29*Q28 -> 0 | S29: =SUM(F29:Q29) -> 0 | T29: =IF(S29=E29,"OK","CONFERIR") -> OK
B30: 7 | C30: ='[1]ORC. SINTÉTICO'!E158 -> ESQUADRIAS | D30: Físico % | E30: =E31/G15 -> #DIV/0! | S30: =SUM(F30:Q30) -> 0
D31: Financeiro | E31: ='ORC. SINTÉTICO'!Q155 -> 0 | F31: =$E$31*F30 -> 0 | G31: =$E$31*G30 -> 0 | H31: =$E$31*H30 -> 0 | I31: =$E$31*I30 -> 0 | J31: =$E$31*J30 -> 0 | K31: =$E$31*K30 -> 0 | L31: =$E$31*L30 -> 0 | M31: =$E$31*M30 -> 0 | ... Q31: =$E$31*Q30 -> 0 | S31: =SUM(F31:Q31) -> 0 | T31: =IF(S31=E31,"OK","CONFERIR") -> OK
B32: 8 | C32: ='[1]ORC. SINTÉTICO'!E190 -> REVESTIMENTO DE PAREDE | D32: Físico % | E32: =E33/G15 -> #DIV/0! | S32: =SUM(F32:Q32) -> 0
D33: Financeiro | E33: ='ORC. SINTÉTICO'!Q188 -> 0 | F33: =$E$33*F32 -> 0 | G33: =$E$33*G32 -> 0 | H33: =$E$33*H32 -> 0 | I33: =$E$33*I32 -> 0 | J33: =$E$33*J32 -> 0 | K33: =$E$33*K32 -> 0 | L33: =$E$33*L32 -> 0 | M33: =$E$33*M32 -> 0 | ... Q33: =$E$33*Q32 -> 0 | S33: =SUM(F33:Q33) -> 0 | T33: =IF(S33=E33,"OK","CONFERIR") -> OK
B34: 9 | C34: ='[1]ORC. SINTÉTICO'!E197 -> REVESTIMENTO DE PISO INTERNO | D34: Físico % | E34: =E35/G15 -> #DIV/0! | S34: =SUM(F34:Q34) -> 0
D35: Financeiro | E35: ='ORC. SINTÉTICO'!Q195 -> 0 | F35: =$E$35*F34 -> 0 | G35: =$E$35*G34 -> 0 | H35: =$E$35*H34 -> 0 | I35: =$E$35*I34 -> 0 | J35: =$E$35*J34 -> 0 | K35: =$E$35*K34 -> 0 | L35: =$E$35*L34 -> 0 | M35: =$E$35*M34 -> 0 | ... Q35: =$E$35*Q34 -> 0 | S35: =SUM(F35:Q35) -> 0 | T35: =IF(S35=E35,"OK","CONFERIR") -> OK
B36: 10 | C36: ='[1]ORC. SINTÉTICO'!E206 -> REVESTIMENTO DE PISO EXTERNO | D36: Físico % | E36: =E37/G15 -> #DIV/0! | S36: =SUM(F36:Q36) -> 0
D37: Financeiro | E37: ='ORC. SINTÉTICO'!Q204 -> 0 | F37: =$E$37*F36 -> 0 | G37: =$E$37*G36 -> 0 | H37: =$E$37*H36 -> 0 | I37: =$E$37*I36 -> 0 | J37: =$E$37*J36 -> 0 | K37: =$E$37*K36 -> 0 | L37: =$E$37*L36 -> 0 | M37: =$E$37*M36 -> 0 | ... Q37: =$E$37*Q36 -> 0 | S37: =SUM(F37:Q37) -> 0 | T37: =IF(S37=E37,"OK","CONFERIR") -> OK
B38: 11 | C38: ='[1]ORC. SINTÉTICO'!E209 -> REVESTIMENTO DE TETO | D38: Físico % | E38: =E39/G15 -> #DIV/0! | S38: =SUM(F38:Q38) -> 0
D39: Financeiro | E39: ='ORC. SINTÉTICO'!Q207 -> 0 | F39: =$E$39*F38 -> 0 | G39: =$E$39*G38 -> 0 | H39: =$E$39*H38 -> 0 | I39: =$E$39*I38 -> 0 | J39: =$E$39*J38 -> 0 | K39: =$E$39*K38 -> 0 | L39: =$E$39*L38 -> 0 | M39: =$E$39*M38 -> 0 | ... Q39: =$E$39*Q38 -> 0 | S39: =SUM(F39:Q39) -> 0 | T39: =IF(S39=E39,"OK","CONFERIR") -> OK
B40: 12 | C40: ='[1]ORC. SINTÉTICO'!E212 -> PINTURA | D40: Físico % | E40: =E41/G15 -> #DIV/0! | S40: =SUM(F40:Q40) -> 0
D41: Financeiro | E41: ='ORC. SINTÉTICO'!Q210 -> 0 | F41: =$E$41*F40 -> 0 | G41: =$E$41*G40 -> 0 | H41: =$E$41*H40 -> 0 | I41: =$E$41*I40 -> 0 | J41: =$E$41*J40 -> 0 | K41: =$E$41*K40 -> 0 | L41: =$E$41*L40 -> 0 | M41: =$E$41*M40 -> 0 | ... Q41: =$E$41*Q40 -> 0 | S41: =SUM(F41:Q41) -> 0 | T41: =IF(S41=E41,"OK","CONFERIR") -> OK
B42: 13 | C42: ='[1]ORC. SINTÉTICO'!E226 -> MARMORARIA | D42: Físico % | E42: =E43/G15 -> #DIV/0! | S42: =SUM(F42:Q42) -> 0
D43: Financeiro | E43: ='ORC. SINTÉTICO'!Q224 -> 0 | F43: =$E$43*F42 -> 0 | G43: =$E$43*G42 -> 0 | H43: =$E$43*H42 -> 0 | I43: =$E$43*I42 -> 0 | J43: =$E$43*J42 -> 0 | K43: =$E$43*K42 -> 0 | L43: =$E$43*L42 -> 0 | M43: =$E$43*M42 -> 0 | ... Q43: =$E$43*Q42 -> 0 | S43: =SUM(F43:Q43) -> 0 | T43: =IF(S43=E43,"OK","CONFERIR") -> OK
B44: 14 | C44: ='[1]ORC. SINTÉTICO'!E229 -> LOUÇAS, METAIS E ACESSÓRIOS | D44: Físico % | E44: =E45/G15 -> #DIV/0! | S44: =SUM(F44:Q44) -> 0
D45: Financeiro | E45: ='ORC. SINTÉTICO'!Q227 -> 0 | F45: =$E$45*F44 -> 0 | G45: =$E$45*G44 -> 0 | H45: =$E$45*H44 -> 0 | I45: =$E$45*I44 -> 0 | J45: =$E$45*J44 -> 0 | K45: =$E$45*K44 -> 0 | L45: =$E$45*L44 -> 0 | M45: =$E$45*M44 -> 0 | ... Q45: =$E$45*Q44 -> 0 | S45: =SUM(F45:Q45) -> 0 | T45: =IF(S45=E45,"OK","CONFERIR") -> OK
B46: 15 | C46: ='[1]ORC. SINTÉTICO'!E257 -> INSTALAÇÕES HIDROSSANITÁRIAS | D46: Físico % | E46: =E47/G15 -> #DIV/0! | S46: =SUM(F46:Q46) -> 0
D47: Financeiro | E47: ='ORC. SINTÉTICO'!Q255 -> 0 | F47: =$E$47*F46 -> 0 | G47: =$E$47*G46 -> 0 | H47: =$E$47*H46 -> 0 | I47: =$E$47*I46 -> 0 | J47: =$E$47*J46 -> 0 | K47: =$E$47*K46 -> 0 | L47: =$E$47*L46 -> 0 | M47: =$E$47*M46 -> 0 | ... Q47: =$E$47*Q46 -> 0 | S47: =SUM(F47:Q47) -> 0 | T47: =IF(S47=E47,"OK","CONFERIR") -> OK
B48: 16 | C48: ='[1]ORC. SINTÉTICO'!E381 -> INSTALAÇÕES ELÉTRICAS | D48: Físico % | E48: =E49/G15 -> #DIV/0! | S48: =SUM(F48:Q48) -> 0
D49: Financeiro | E49: ='ORC. SINTÉTICO'!Q379 -> 0 | F49: =$E$49*F48 -> 0 | G49: =$E$49*G48 -> 0 | H49: =$E$49*H48 -> 0 | I49: =$E$49*I48 -> 0 | J49: =$E$49*J48 -> 0 | K49: =$E$49*K48 -> 0 | L49: =$E$49*L48 -> 0 | M49: =$E$49*M48 -> 0 | ... Q49: =$E$49*Q48 -> 0 | S49: =SUM(F49:Q49) -> 0 | T49: =IF(S49=E49,"OK","CONFERIR") -> OK
B50: 17 | C50: ='[1]ORC. SINTÉTICO'!E492 -> CLIMATIZAÇÃO | D50: Físico % | E50: =E51/G15 -> #DIV/0! | S50: =SUM(F50:Q50) -> 0
D51: Financeiro | E51: ='ORC. SINTÉTICO'!Q490 -> 0 | F51: =$E$51*F50 -> 0 | G51: =$E$51*G50 -> 0 | H51: =$E$51*H50 -> 0 | I51: =$E$51*I50 -> 0 | J51: =$E$51*J50 -> 0 | K51: =$E$51*K50 -> 0 | L51: =$E$51*L50 -> 0 | M51: =$E$51*M50 -> 0 | ... Q51: =$E$51*Q50 -> 0 | S51: =SUM(F51:Q51) -> 0 | T51: =IF(S51=E51,"OK","CONFERIR") -> OK
B52: 18 | C52: ='[1]ORC. SINTÉTICO'!E513 -> DADOS E VOZ | D52: Físico % | E52: =E53/G15 -> #DIV/0! | S52: =SUM(F52:Q52) -> 0
D53: Financeiro | E53: ='ORC. SINTÉTICO'!Q511 -> 0 | F53: =$E$53*F52 -> 0 | G53: =$E$53*G52 -> 0 | H53: =$E$53*H52 -> 0 | I53: =$E$53*I52 -> 0 | J53: =$E$53*J52 -> 0 | K53: =$E$53*K52 -> 0 | L53: =$E$53*L52 -> 0 | M53: =$E$53*M52 -> 0 | ... Q53: =$E$53*Q52 -> 0 | S53: =SUM(F53:Q53) -> 0 | T53: =IF(S53=E53,"OK","CONFERIR") -> OK
B54: 19 | C54: ='[1]ORC. SINTÉTICO'!E535 -> GASES MEDICINAIS | D54: Físico % | E54: =E55/G15 -> #DIV/0! | S54: =SUM(F54:Q54) -> 0
D55: Financeiro | E55: ='ORC. SINTÉTICO'!Q533 -> 0 | F55: =$E$55*F54 -> 0 | G55: =$E$55*G54 -> 0 | H55: =$E$55*H54 -> 0 | I55: =$E$55*I54 -> 0 | J55: =$E$55*J54 -> 0 | K55: =$E$55*K54 -> 0 | L55: =$E$55*L54 -> 0 | M55: =$E$55*M54 -> 0 | ... Q55: =$E$55*Q54 -> 0 | S55: =SUM(F55:Q55) -> 0 | T55: =IF(S55=E55,"OK","CONFERIR") -> OK
B56: 20 | C56: ='[1]ORC. SINTÉTICO'!E545 -> URBANIZAÇÃO | D56: Físico % | E56: =E57/G15 -> #DIV/0! | S56: =SUM(F56:Q56) -> 0
D57: Financeiro | E57: ='ORC. SINTÉTICO'!Q543 -> 0 | F57: =$E$57*F56 -> 0 | G57: =$E$57*G56 -> 0 | H57: =$E$57*H56 -> 0 | I57: =$E$57*I56 -> 0 | J57: =$E$57*J56 -> 0 | K57: =$E$57*K56 -> 0 | L57: =$E$57*L56 -> 0 | M57: =$E$57*M56 -> 0 | ... Q57: =$E$57*Q56 -> 0 | S57: =SUM(F57:Q57) -> 0 | T57: =IF(S57=E57,"OK","CONFERIR") -> OK
B58: 21 | C58: ='[1]ORC. SINTÉTICO'!E553 -> SERVIÇOS COMPLEMENTARES | D58: Físico % | E58: =E59/G15 -> #DIV/0! | S58: =SUM(F58:Q58) -> 0
D59: Financeiro | E59: ='ORC. SINTÉTICO'!Q551 -> 0 | F59: =$E$59*F58 -> 0 | G59: =$E$59*G58 -> 0 | H59: =$E$59*H58 -> 0 | I59: =$E$59*I58 -> 0 | J59: =$E$59*J58 -> 0 | K59: =$E$59*K58 -> 0 | L59: =$E$59*L58 -> 0 | M59: =$E$59*M58 -> 0 | ... Q59: =$E$59*Q58 -> 0 | S59: =SUM(F59:Q59) -> 0 | T59: =IF(S59=E59,"OK","CONFERIR") -> OK
B60: 22 | C60: ='[1]ORC. SINTÉTICO'!E556 -> RAMPA ACESSÍVEL E ESCADA DO ACESSO PRINCIPAL | D60: Físico % | E60: =E61/G15 -> #DIV/0! | S60: =SUM(F60:Q60) -> 0
D61: Financeiro | E61: ='ORC. SINTÉTICO'!Q554 -> 0 | F61: =$E$61*F60 -> 0 | G61: =$E$61*G60 -> 0 | H61: =$E$61*H60 -> 0 | I61: =$E$61*I60 -> 0 | J61: =$E$61*J60 -> 0 | K61: =$E$61*K60 -> 0 | L61: =$E$61*L60 -> 0 | M61: =$E$61*M60 -> 0 | ... Q61: =$E$61*Q60 -> 0 | S61: =SUM(F61:Q61) -> 0 | T61: =IF(S61=E61,"OK","CONFERIR") -> OK
B62: 23 | C62: ='[1]ORC. SINTÉTICO'!E579 -> ADMINISTRAÇÃO LOCAL DA OBRA | D62: Físico % | E62: =E63/G15 -> #DIV/0! | S62: =SUM(F62:Q62) -> 0 | U62: =SUM(N19,N21,N23,N25,N27,N29,N31,N31,N33,N35,N37,N39,N41,N43,N45,N47,N49,N51,N53,N55,N57,N59,N61) -> 0 | V62: =SUM($E$19,$E$21,$E$23,$E$25,$E$27,$E$29,$E$31,$E$33,$E$35,$E$37,$E$39,$E$41,$E$43,$E$45,$E$47,$E$49,$E$51,$E$53,$E$55,$E$57,$E$59,$E$61) -> 0 | W62: =U62/V62 -> #DIV/0!
D63: Financeiro | E63: ='ORC. SINTÉTICO'!Q579 -> 0 | F63: =$E$63*F62 -> 0 | G63: =$E$63*G62 -> 0 | H63: =$E$63*H62 -> 0 | I63: =$E$63*I62 -> 0 | J63: =$E$63*J62 -> 0 | K63: =$E$63*K62 -> 0 | L63: =$E$63*L62 -> 0 | M63: =$E$63*M62 -> 0 | ... Q63: =$E$63*Q62 -> 0 | S63: =SUM(F63:Q63) -> 0 | T63: =IF(S63=E63,"OK","CONFERIR") -> OK
B64: TOTAL PERÍODO | D64: Físico % | E64: =SUM(E54,E52,E50,E48,E46,E44,E42,E40,E38,E36,E34,E32,E30,E28,E26,E24,E22,E20,E18,E56,E58,E60,E62) -> #DIV/0! | F64: =F65/$E$65 -> #DIV/0! | G64: =G65/$E$65 -> #DIV/0! | H64: =H65/$E$65 -> #DIV/0! | I64: =I65/$E$65 -> #DIV/0! | J64: =J65/$E$65 -> #DIV/0! | K64: =K65/$E$65 -> #DIV/0! | L64: =L65/$E$65 -> #DIV/0! | M64: =M65/$E$65 -> #DIV/0! | ... Q64: =Q65/$E$65 -> #DIV/0! | S64: =SUM(F64:Q64) -> #DIV/0! | T64: =IF(S64=E64,"OK","CONFERIR") -> #DIV/0!
D65: Financeiro | E65: =SUM(E55,E53,E51,E49,E47,E45,E43,E41,E39,E37,E35,E33,E31,E29,E27,E25,E23,E21,E19,E57,E59,E61,E63) -> 0 | F65: =SUM(F19,F21,F23,F25,F27,F29,F31,F33,F35,F37,F39,F41,F43,F45,F47,F49,F51,F53,F55,F57,F59,F61,F63) -> 0 | G65: =SUM(G19,G21,G23,G25,G27,G29,G31,G33,G35,G37,G39,G41,G43,G45,G47,G49,G51,G53,G55,G57,G59,G61,G63) -> 0 | H65: =SUM(H19,H21,H25,H23,H27,H29,H31,H33,H35,H37,H39,H41,H43,H45,H47,H49,H51,H53,H55,H57,H59,H61,H63) -> 0 | I65: =SUM(I19,I21,I23,I25,I27,I29,I31,I33,I35,I37,I39,I41,I43,I45,I47,I49,I51,I53,I55,I57,I59,I61,I63) -> 0 | J65: =SUM(J19,J21,J23,J25,J27,J29,J31,J33,J35,J37,J39,J41,J43,J45,J47,J49,J51,J53,J55,J57,J59,J61,J63) -> 0 | K65: =SUM(K19,K21,K23,K25,K27,K29,K31,K33,K35,K37,K39,K41,K43,K45,K47,K49,K51,K53,K55,K57,K59,K61,K63) -> 0 | L65: =SUM(L19,L21,L23,L25,L27,L29,L31,L33,L35,L37,L39,L41,L43,L45,L47,L49,L51,L53,L55,L57,L59,L61,L63) -> 0 | M65: =SUM(M19,M21,M23,M25,M27,M29,M31,M33,M35,M37,M39,M41,M43,M45,M47,M49,M51,M53,M55,M57,M59,M61,M63) -> 0 | N65: =SUM(N19,N21,N23,N25,N27,N29,N31,N33,N35,N37,N39,N41,N43,N45,N47,N49,N51,N53,N55,N57,N59,N61,N63) -> 0 | O65: =SUM(O19,O21,O23,O25,O27,O29,O31,O33,O35,O37,O39,O41,O43,O45,O47,O49,O51,O53,O55,O57,O59,O61,O63) -> 0 | P65: =SUM(P19,P21,P23,P25,P27,P29,P31,P33,P35,P37,P39,P41,P43,P45,P47,P49,P51,P53,P55,P57,P59,P61,P63) -> 0 | Q65: =SUM(Q19,Q21,Q23,Q25,Q27,Q29,Q31,Q33,Q35,Q37,Q39,Q41,Q43,Q45,Q47,Q49,Q51,Q53,Q55,Q57,Q59,Q61,Q63) -> 0 | S65: =SUM(F65:Q65) -> 0 | T65: =IF(S65=E65,"OK","CONFERIR") -> OK
B66: TOTAL ACUMULADO | D66: Físico % | E66: =SUM(E54,E52,E50,E48,E46,E44,E42,E40,E38,E36,E34,E32,E30,E28,E26,E24,E22,E20,E18,E56,E58,E60,E62) -> #DIV/0! | F66: =F64 -> #DIV/0! | G66: =F66+G64 -> #DIV/0! | H66: =G66+H64 -> #DIV/0! | I66: =H66+I64 -> #DIV/0! | J66: =I66+J64 -> #DIV/0! | K66: =J66+K64 -> #DIV/0! | L66: =K66+L64 -> #DIV/0! | M66: =L66+M64 -> #DIV/0! | N66: =M66+N64 -> #DIV/0! | ... Q66: =P66+Q64 -> #DIV/0!
D67: Financeiro | E67: =SUM(E55,E53,E51,E49,E47,E45,E43,E41,E39,E37,E35,E33,E31,E29,E27,E25,E23,E21,E19,E57,E59,E61,E63) -> 0 | F67: =F65 -> 0 | G67: =F67+G65 -> 0 | H67: =G67+H65 -> 0 | I67: =H67+I65 -> 0 | J67: =I67+J65 -> 0 | K67: =J67+K65 -> 0 | L67: =K67+L65 -> 0 | M67: =L67+M65 -> 0 | N67: =M67+N65 -> 0 | ... Q67: =P67+Q65 -> 0
F73: Engenheiro Civil - CREA

Sheet RESUMO
B2: PLANILHA RESUMO
B8: ='DADOS GERAIS'!B8 -> Secretaria de Atenção Primária à Saúde | D8: BDI Geral: | E8: Encargo Social Mensalista: | F8: ='DADOS GERAIS'!$B$22 -> Data:
B9: ='DADOS GERAIS'!B9 -> Unidade Básica de Saúde Porte 3 - Área Construída: 665,76m² | D9: ='DADOS GERAIS'!C19 -> 0.20812597 | E9: ='ENCARGOS SOCIAIS'!F56 -> 0.6779 | F9: ='DADOS GERAIS'!$C$22 -> 19/03/2025
B11: ='DADOS GERAIS'!B11 -> Bancos: | D11: BDI Equipamentos: | E11: Encargo Social Horista: | F11: ='DADOS GERAIS'!$B$23 -> Revisão:
B12: ='DADOS GERAIS'!B12 -> SINAPI (11/2024) - CPOS/CDHU (01/2025) - SBC (01/2025) - ORSE (10/2024) - IOPES (08/2024) - EMOP (11/2024) - SEINFRA (028) - SETOP (10/2024) | D12: ='DADOS GERAIS'!C20 -> 0.13512301 | E12: ='ENCARGOS SOCIAIS'!E56 -> 1.08904 | F12: ='DADOS GERAIS'!$C$23 -> 01
B15: ITEM | C15: DESCRIÇÃO | E15: PREÇO | F15: %
B17: 1 | C17: {=INDEX('ORC. SINTÉTICO'!$E:$E,MATCH($B17,'ORC. SINTÉTICO'!$B:$B,0))} -> SERVIÇOS PRELIMINARES E INDIRETOS | E17: {=INDEX('ORC. SINTÉTICO'!$Q:$Q,MATCH($B17,'ORC. SINTÉTICO'!$B:$B,0))} -> 0 | F17: =IFERROR(E17/$E$41,"-") -> -
B18: 2 | C18: {=INDEX('ORC. SINTÉTICO'!$E:$E,MATCH($B18,'ORC. SINTÉTICO'!$B:$B,0))} -> FUNDAÇÃO | E18: {=INDEX('ORC. SINTÉTICO'!$Q:$Q,MATCH($B18,'ORC. SINTÉTICO'!$B:$B,0))} -> 0 | F18: =IFERROR(E18/$E$41,"-") -> -
B19: 3 | C19: {=INDEX('ORC. SINTÉTICO'!$E:$E,MATCH($B19,'ORC. SINTÉTICO'!$B:$B,0))} -> ESTRUTURA | E19: {=INDEX('ORC. SINTÉTICO'!$Q:$Q,MATCH($B19,'ORC. SINTÉTICO'!$B:$B,0))} -> 0 | F19: =IFERROR(E19/$E$41,"-") -> -
B20: 4 | C20: {=INDEX('ORC. SINTÉTICO'!$E:$E,MATCH($B20,'ORC. SINTÉTICO'!$B:$B,0))} -> ALVENARIA, VEDAÇÕES E DIVISÓRIAS | E20: {=INDEX('ORC. SINTÉTICO'!$Q:$Q,MATCH($B20,'ORC. SINTÉTICO'!$B:$B,0))} -> 0 | F20: =IFERROR(E20/$E$41,"-") -> -
B21: 5 | C21: {=INDEX('ORC. SINTÉTICO'!$E:$E,MATCH($B21,'ORC. SINTÉTICO'!$B:$B,0))} -> COBERTURA | E21: {=INDEX('ORC. SINTÉTICO'!$Q:$Q,MATCH($B21,'ORC. SINTÉTICO'!$B:$B,0))} -> 0 | F21: =IFERROR(E21/$E$41,"-") -> -
B22: 6 | C22: {=INDEX('ORC. SINTÉTICO'!$E:$E,MATCH($B22,'ORC. SINTÉTICO'!$B:$B,0))} -> IMPERMEABILIZAÇÃO | E22: {=INDEX('ORC. SINTÉTICO'!$Q:$Q,MATCH($B22,'ORC. SINTÉTICO'!$B:$B,0))} -> 0 | F22: =IFERROR(E22/$E$41,"-") -> -
B23: 7 | C23: {=INDEX('ORC. SINTÉTICO'!$E:$E,MATCH($B23,'ORC. SINTÉTICO'!$B:$B,0))} -> ESQUADRIAS | E23: {=INDEX('ORC. SINTÉTICO'!$Q:$Q,MATCH($B23,'ORC. SINTÉTICO'!$B:$B,0))} -> 0 | F23: =IFERROR(E23/$E$41,"-") -> -
B24: 8 | C24: {=INDEX('ORC. SINTÉTICO'!$E:$E,MATCH($B24,'ORC. SINTÉTICO'!$B:$B,0))} -> REVESTIMENTO DE PAREDE | E24: {=INDEX('ORC. SINTÉTICO'!$Q:$Q,MATCH($B24,'ORC. SINTÉTICO'!$B:$B,0))} -> 0 | F24: =IFERROR(E24/$E$41,"-") -> -
B25: 9 | C25: {=INDEX('ORC. SINTÉTICO'!$E:$E,MATCH($B25,'ORC. SINTÉTICO'!$B:$B,0))} -> REVESTIMENTO DE PISO INTERNO | E25: {=INDEX('ORC. SINTÉTICO'!$Q:$Q,MATCH($B25,'ORC. SINTÉTICO'!$B:$B,0))} -> 0 | F25: =IFERROR(E25/$E$41,"-") -> -
B26: 10 | C26: {=INDEX('ORC. SINTÉTICO'!$E:$E,MATCH($B26,'ORC. SINTÉTICO'!$B:$B,0))} -> REVESTIMENTO DE PISO EXTERNO | E26: {=INDEX('ORC. SINTÉTICO'!$Q:$Q,MATCH($B26,'ORC. SINTÉTICO'!$B:$B,0))} -> 0 | F26: =IFERROR(E26/$E$41,"-") -> -
B27: 11 | C27: {=INDEX('ORC. SINTÉTICO'!$E:$E,MATCH($B27,'ORC. SINTÉTICO'!$B:$B,0))} -> REVESTIMENTO DE TETO | E27: {=INDEX('ORC. SINTÉTICO'!$Q:$Q,MATCH($B27,'ORC. SINTÉTICO'!$B:$B,0))} -> 0 | F27: =IFERROR(E27/$E$41,"-") -> -
B28: 12 | C28: {=INDEX('ORC. SINTÉTICO'!$E:$E,MATCH($B28,'ORC. SINTÉTICO'!$B:$B,0))} -> PINTURA | E28: {=INDEX('ORC. SINTÉTICO'!$Q:$Q,MATCH($B28,'ORC. SINTÉTICO'!$B:$B,0))} -> 0 | F28: =IFERROR(E28/$E$41,"-") -> -
... B39: 23 | C39: {=INDEX('ORC. SINTÉTICO'!$E:$E,MATCH($B39,'ORC. SINTÉTICO'!$B:$B,0))} -> ADMINISTRAÇÃO LOCAL DA OBRA | E39: {=INDEX('ORC. SINTÉTICO'!$Q:$Q,MATCH($B39,'ORC. SINTÉTICO'!$B:$B,0))} -> 0 | F39: =IFERROR(E39/$E$41,"-") -> -
B41: TOTAL | E41: =SUBTOTAL(9,E17:E39) -> 0 | F41: =SUBTOTAL(9,F17:F39) -> 0
B43: Notas:
B44: Estão exclusos do escopo: movimentação de terra, mobiliário e equipamentos, piso intertravado, bate-macas, chapas metálicas das portas, paisagismo (exceto grama), instalações de automação, CFTV, energia fotovoltaica, controle de acesso, CATV, sonorização, compressor odontológico e bomba de vacuo odontológico portatéis e equipamentos de ar condicionado.
B51: ________________________________________________________________________________
B52: ='DADOS GERAIS'!C24 -> 0
B53: ='DADOS GERAIS'!C25 -> 0

Sheet ORC. SINTÉTICO
B2: PLANILHA DE ORÇAMENTO SINTÉTICO
B8: ='DADOS GERAIS'!$B$8 -> Secretaria de Atenção Primária à Saúde | H8: =RESUMO!$D$8 -> BDI Geral: | I8: =RESUMO!$E$8 -> Encargo Social Mensalista: | L8: =RESUMO!$E$8 -> Encargo Social Mensalista: | N8: =RESUMO!D8 -> BDI Geral: | P8: =RESUMO!E8 -> Encargo Social Mensalista: | Q8: ='DADOS GERAIS'!$B$22 -> Data:
B9: ='DADOS GERAIS'!$B$9 -> Unidade Básica de Saúde Porte 3 - Área Construída: 665,76m² | H9: 0.2081 | I9: =RESUMO!$E$9 -> 0.6779 | L9: =RESUMO!$E$9 -> 0.6779 | N9: 0.2081 | P9: =RESUMO!E9 -> 0.6779 | Q9: ='DADOS GERAIS'!$C$22 -> 19/03/2025
B11: =RESUMO!B11 -> Bancos: | H11: =RESUMO!$D$11 -> BDI Equipamentos: | I11: =RESUMO!$E$11 -> Encargo Social Horista: | L11: =RESUMO!$E$11 -> Encargo Social Horista: | N11: =RESUMO!D11 -> BDI Equipamentos: | P11: =RESUMO!E11 -> Encargo Social Horista: | Q11: ='DADOS GERAIS'!$B$23 -> Revisão:
B12: ='DADOS GERAIS'!$B$12 -> SINAPI (11/2024) - CPOS/CDHU (01/2025) - SBC (01/2025) - ORSE (10/2024) - IOPES (08/2024) - EMOP (11/2024) - SEINFRA (028) - SETOP (10/2024) | H12: 0.1351 | I12: =RESUMO!$E$12 -> 1.08904 | L12: =RESUMO!$E$12 -> 1.08904 | N12: 0.1351 | P12: =RESUMO!E12 -> 1.08904 | Q12: ='DADOS GERAIS'!$C$23 -> 01
B15: Item | C15: Código | D15: Banco | E15: Descrição | F15: Und | G15: Quant. | H15: Valor Unit | I15: Total sem BDI | L15: BDI | M15: Valor Unit com BDI | O15: Total com BDI | R15: Peso (%)
J16: M. O. | K16: MAT. | N16: Total
B18: 1 | E18: SERVIÇOS PRELIMINARES E INDIRETOS | Q18: =Q19+Q30+Q34 -> 0 | R18: =Q18/$P$586 -> #DIV/0!
B19: 1.1 | E19: CANTEIRO DE OBRAS | Q19: =SUM(Q20:Q29) -> 0 | R19: =Q19/$P$586 -> #DIV/0!
B20: 1.1.1 | C20: 02.02.150 | D20: CPOS/CDHU | E20: LOCAÇÃO DE CONTAINER TIPO DEPÓSITO - ÁREA MÍNIMA DE 13,80 M² | F20: UNMES | G20: 28 | I20: =ROUND(G20*H20,2) -> 0 | J20: 105.65 | K20: 1019.65 | L20: =$H$9 -> 0.2081 | M20: =ROUND(H20+H20*L20,2) -> 0 | N20: =J20+K20 -> 1125.3 | O20: =ROUND(G20*J20,2) -> 2958.2 | P20: =ROUND(G20*K20,2) -> 28550.2 | Q20: =ROUND(G20*M20,2) -> 0 | R20: =Q20/$P$586 -> #DIV/0!
B21: 1.1.2 | C21: 11703 | D21: ORSE | E21: Barracão aberto para apoio à produção (carpintaria, central de armação, oficina, etc.) c/ tesouras, telha 4mm, piso em concreto desempolado | F21: m² | G21: 25 | I21: =ROUND(G21*H21,2) -> 0 | J21: 60.15 | K21: 174.01 | L21: =$H$9 -> 0.2081 | M21: =ROUND(H21+H21*L21,2) -> 0 | N21: =J21+K21 -> 234.16 | O21: =ROUND(G21*J21,2) -> 1503.75 | P21: =ROUND(G21*K21,2) -> 4350.25 | Q21: =ROUND(G21*M21,2) -> 0 | R21: =Q21/$P$586 -> #DIV/0!
B22: 1.1.3 | C22: 4656 | D22: ORSE | E22: Locação de container - Banheiro com chuveiros e vasos - 4,30 x 2,30m | F22: mês | G22: 14 | I22: =ROUND(G22*H22,2) -> 0 | J22: 0 | K22: 1141.93 | L22: =$H$9 -> 0.2081 | M22: =ROUND(H22+H22*L22,2) -> 0 | N22: =J22+K22 -> 1141.93 | O22: =ROUND(G22*J22,2) -> 0 | P22: =ROUND(G22*K22,2) -> 15987.02 | Q22: =ROUND(G22*M22,2) -> 0 | R22: =Q22/$P$586 -> #DIV/0!
B23: 1.1.4 | C23: 012208 | D23: SBC | E23: BARRACAO PARA REFEITORIO EM OBRAS EM COMPENSADO | F23: m² | G23: 35 | I23: =ROUND(G23*H23,2) -> 0 | J23: 667.12 | K23: 453.53 | L23: =$H$9 -> 0.2081 | M23: =ROUND(H23+H23*L23,2) -> 0 | N23: =J23+K23 -> 1120.65 | O23: =ROUND(G23*J23,2) -> 23349.2 | P23: =ROUND(G23*K23,2) -> 15873.55 | Q23: =ROUND(G23*M23,2) -> 0 | R23: =Q23/$P$586 -> #DIV/0!
B24: 1.1.5 | C24: 95648 | D24: SINAPI | E24: KIT CAVALETE PARA MEDIÇÃO DE ÁGUA - ENTRADA INDIVIDUALIZADA, EM CPVC DN 28 MM (1"), PARA 1 MEDIDOR - FORNECIMENTO E INSTALAÇÃO (EXCLUSIVE HIDRÔMETRO). AF_03/2024 | F24: UN | G24: 1 | I24: =ROUND(G24*H24,2) -> 0 | J24: 76.77 | K24: 658.49 | L24: =$H$9 -> 0.2081 | M24: =ROUND(H24+H24*L24,2) -> 0 | N24: =J24+K24 -> 735.26 | O24: =ROUND(G24*J24,2) -> 76.77 | P24: =ROUND(G24*K24,2) -> 658.49 | Q24: =ROUND(G24*M24,2) -> 0 | R24: =Q24/$P$586 -> #DIV/0!
B25: 1.1.6 | C25: 95673 | D25: SINAPI | E25: HIDRÔMETRO DN 1/2", 1,5 M3/H - FORNECIMENTO E INSTALAÇÃO. AF_03/2024 | F25: UN | G25: 1 | I25: =ROUND(G25*H25,2) -> 0 | J25: 20.15 | K25: 179.25 | L25: =$H$9 -> 0.2081 | M25: =ROUND(H25+H25*L25,2) -> 0 | N25: =J25+K25 -> 199.4 | O25: =ROUND(G25*J25,2) -> 20.15 | P25: =ROUND(G25*K25,2) -> 179.25 | Q25: =ROUND(G25*M25,2) -> 0 | R25: =Q25/$P$586 -> #DIV/0!
B26: 1.1.7 | C26: 101509 | D26: SINAPI | E26: ENTRADA DE ENERGIA ELÉTRICA, AÉREA, TRIFÁSICA, COM CAIXA DE EMBUTIR, CABO DE 10 MM2 E DISJUNTOR DIN 50A (NÃO INCLUSO O POSTE DE CONCRETO). AF_07/2020_PS | F26: UN | G26: 1 | I26: =ROUND(G26*H26,2) -> 0 | J26: 463.01 | K26: 1914.54 | L26: =$H$9 -> 0.2081 | M26: =ROUND(H26+H26*L26,2) -> 0 | N26: =J26+K26 -> 2377.55 | O26: =ROUND(G26*J26,2) -> 463.01 | P26: =ROUND(G26*K26,2) -> 1914.54 | Q26: =ROUND(G26*M26,2) -> 0 | R26: =Q26/$P$586 -> #DIV/0!
B27: 1.1.8 | C27: 103689 | D27: SINAPI | E27: FORNECIMENTO E INSTALAÇÃO DE PLACA DE OBRA COM CHAPA GALVANIZADA E ESTRUTURA DE MADEIRA. AF_03/2022_PS | F27: m² | G27: 6 | I27: =ROUND(G27*H27,2) -> 0 | J27: 35.46 | K27: 556.81 | L27: =$H$9 -> 0.2081 | M27: =ROUND(H27+H27*L27,2) -> 0 | N27: =J27+K27 -> 592.27 | O27: =ROUND(G27*J27,2) -> 212.76 | P27: =ROUND(G27*K27,2) -> 3340.86 | Q27: =ROUND(G27*M27,2) -> 0 | R27: =Q27/$P$586 -> #DIV/0!
B28: 1.1.9 | C28: 05.07.040 | D28: CPOS/CDHU | E28: REMOÇÃO DE ENTULHO SEPARADO DE OBRA COM CAÇAMBA METÁLICA - TERRA, ALVENARIA, CONCRETO, ARGAMASSA, MADEIRA, PAPEL, PLÁSTICO OU METAL | F28: m³ | G28: 280 | I28: =ROUND(G28*H28,2) -> 0 | J28: 15.52 | K28: 117.68 | L28: =$H$9 -> 0.2081 | M28: =ROUND(H28+H28*L28,2) -> 0 | N28: =J28+K28 -> 133.2 | O28: =ROUND(G28*J28,2) -> 4345.6 | P28: =ROUND(G28*K28,2) -> 32950.4 | Q28: =ROUND(G28*M28,2) -> 0 | R28: =Q28/$P$586 -> #DIV/0!
B29: 1.1.10 | C29: 98459 | D29: SINAPI | E29: TAPUME COM TELHA METÁLICA. AF_03/2024 | F29: m² | G29: 461.4 | I29: =ROUND(G29*H29,2) -> 0 | J29: 31.09 | K29: 65.58 | L29: =$H$9 -> 0.2081 | M29: =ROUND(H29+H29*L29,2) -> 0 | N29: =J29+K29 -> 96.67 | O29: =ROUND(G29*J29,2) -> 14344.93 | P29: =ROUND(K29*G29,2) -> 30258.61 | Q29: =ROUND(G29*M29,2) -> 0 | R29: =Q29/$P$586 -> #DIV/0!
B30: 1.2 | E30: MOVIMENTAÇÃO DE TERRA | Q30: =SUM(Q31:Q33) -> 0 | R30: =Q30/$P$586 -> #DIV/0!
B31: 1.2.1 | C31: ED-29233 | D31: SETOP | E31: TRANSPORTE DE MATERIAL DE QUALQUER NATUREZA EM CAMINHÃO, DISTÂNCIA MAIOR QUE 10KM E MENOR OU IGUAL A 20KM, DENTRO DO PERÍMETRO URBANO, EXCLUSIVE CARGA, INCLUSIVE DESCARGA | F31: M3XKM | G31: 40353.6 | I31: =ROUND(G31*H31,2) -> 0 | J31: =0.3+0.3*N9 -> 0.36243 | K31: =1.47+1.47*N9 -> 1.775907 | L31: =$H$9 -> 0.2081 | M31: =ROUND(H31+H31*L31,2) -> 0 | N31: =J31+K31 -> 2.138337 | O31: =ROUND(G31*J31,2) -> 14625.36 | P31: =ROUND(K31*G31,2) -> 71664.24 | Q31: =ROUND(G31*M31,2) -> 0 | R31: =Q31/$P$586 -> #DIV/0!
B32: 1.2.2 | C32: 101253 | D32: SINAPI | E32: ESCAVAÇÃO VERTICAL PARA INFRAESTRUTURA, COM CARGA, DESCARGA E TRANSPORTE DE SOLO DE 1ª CATEGORIA, COM ESCAVADEIRA HIDRÁULICA (CAÇAMBA: 1,2 M³ / 155HP), FROTA DE 9 CAMINHÕES BASCULANTES DE 18 M³, DMT DE 6 KM E VELOCIDADE MÉDIA 22 KM/H. AF_05/2020 | F32: m³ | G32: 2690.244 | I32: =ROUND(G32*H32,2) -> 0 | J32: =2.29+2.29*N9 -> 2.766549 | K32: =22+22*N9 -> 26.5782 | L32: =$H$9 -> 0.2081 | M32: =ROUND(H32+H32*L32,2) -> 0 | N32: =J32+K32 -> 29.344749 | O32: =ROUND(G32*J32,2) -> 7442.69 | P32: =ROUND(K32*G32,2) -> 71501.84 | Q32: =ROUND(G32*M32,2) -> 0 | R32: =Q32/$P$586 -> #DIV/0!
B33: 1.2.3 | C33: 96385 | D33: SINAPI | E33: EXECUÇÃO E COMPACTAÇÃO DE CORPO DE ATERRO DE ATERRO (95% DE ENERGIA DO PROCTOR NORMAL) COM SOLO PREDOMINANTEMENTE ARGILOSO ESPESSURA 15 CM -EXCLUSIVE MATERIAL, ESCAVAÇÃO, CARGA E TRANSPORTE. AF_09/2024 | F33: m³ | G33: 2690.24 | I33: =ROUND(G33*H33,2) -> 0 | J33: =3.31+3.31*N9 -> 3.998811 | K33: =8.66+8.66*N9 -> 10.462146 | L33: =$H$9 -> 0.2081 | M33: =ROUND(H33+H33*L33,2) -> 0 | N33: =J33+K33 -> 14.460957 | O33: =ROUND(G33*J33,2) -> 10757.76 | P33: =ROUND(K33*G33,2) -> 28145.68 | Q33: =ROUND(G33*M33,2) -> 0 | R33: =Q33/$P$586 -> #DIV/0!
B34: 1.3 | E34: EQUIPAMENTOS DE APOIO | Q34: =Q35 -> 0 | R34: =Q34/$P$586 -> #DIV/0!
B35: 1.3.1 | C35: CPU1926 | D35: Próprio | E35: LOCACAO DE ANDAIME METALICO TIPO FACHADEIRO, PECAS COM APROXIMADAMENTE 1,20 M DE LARGURA E 2,0 M DE ALTURA, INCLUINDO DIAGONAIS EM X, BARRAS DE LIGACAO, SAPATAS E DEMAIS ITENS NECESSARIOS A MONTAGEM, INCLUSIVE MONTAGEM E DESMONTAGEM | F35: M2XMÊS | G35: 1072.2 | I35: =ROUND(G35*H35,2) -> 0 | J35: 6.96 | K35: 21.9 | L35: =$H$9 -> 0.2081 | M35: =ROUND(H35+H35*L35,2) -> 0 | N35: =J35+K35 -> 28.86 | O35: =ROUND(G35*J35,2) -> 7462.51 | P35: =ROUND(G35*K35,2) -> 23481.18 | Q35: =ROUND(G35*M35,2) -> 0 | R35: =Q35/$P$586 -> #DIV/0!
B36: 2 | E36: FUNDAÇÃO | Q36: =Q37+Q55 -> 0 | R36: =Q36/$P$586 -> #DIV/0!
B37: 2.1 | E37: FUNDAÇÃO EDIFICAÇÃO | Q37: =SUM(Q38:Q54) -> 0 | R37: =Q37/$P$586 -> #DIV/0!
B38: 2.1.1 | C38: 99059 | D38: SINAPI | E38: LOCAÇÃO CONVENCIONAL DE OBRA, UTILIZANDO GABARITO DE TÁBUAS CORRIDAS PONTALETADAS A CADA 2,00M - 2 UTILIZAÇÕES. AF_03/2024 | F38: M | G38: 188.53 | I38: =ROUND(G38*H38,2) -> 0 | J38: 35.34 | K38: 48.03 | L38: =$H$9 -> 0.2081 | M38: =ROUND(H38+H38*L38,2) -> 0 | N38: =J38+K38 -> 83.37 | O38: =ROUND(G38*J38,2) -> 6662.65 | P38: =ROUND(G38*K38,2) -> 9055.1 | Q38: =ROUND(G38*M38,2) -> 0 | R38: =Q38/$P$586 -> #DIV/0!
B39: 2.1.2 | C39: 90100 | D39: SINAPI | E39: ESCAVAÇÃO MECANIZADA DE VALA COM PROF. ATÉ 1,5 M (MÉDIA MONTANTE E JUSANTE/UMA COMPOSIÇÃO POR TRECHO), RETROESCAV. (0,26 M3), LARG. DE 0,8 M A 1,5 M, EM SOLO DE 1A CATEGORIA, EM LOCAIS COM ALTO NÍVEL DE INTERFERÊNCIA. AF_02/2021 | F39: m³ | G39: 79.59 | I39: =ROUND(G39*H39,2) -> 0 | J39: 5.79 | K39: 10.6 | L39: =$H$9 -> 0.2081 | M39: =ROUND(H39+H39*L39,2) -> 0 | N39: =J39+K39 -> 16.39 | O39: =ROUND(G39*J39,2) -> 460.83 | P39: =ROUND(G39*K39,2) -> 843.65 | Q39: =ROUND(G39*M39,2) -> 0 | R39: =Q39/$P$586 -> #DIV/0!
B40: 2.1.3 | C40: 93358 | D40: SINAPI | E40: ESCAVAÇÃO MANUAL DE VALA COM PROFUNDIDADE MENOR OU IGUAL A 1,30 M. AF_02/2021 | F40: m³ | G40: 31.44 | I40: =ROUND(G40*H40,2) -> 0 | J40: 69.37 | K40: 28.15 | L40: =$H$9 -> 0.2081 | M40: =ROUND(H40+H40*L40,2) -> 0 | N40: =J40+K40 -> 97.52 | O40: =ROUND(G40*J40,2) -> 2180.99 | P40: =ROUND(G40*K40,2) -> 885.04 | Q40: =ROUND(G40*M40,2) -> 0 | R40: =Q40/$P$586 -> #DIV/0!
B41: 2.1.4 | C41: 100324 | D41: SINAPI | E41: LASTRO COM MATERIAL GRANULAR (PEDRA BRITADA N.1 E PEDRA BRITADA N.2), APLICADO EM PISOS OU LAJES SOBRE SOLO, ESPESSURA DE *10 CM*. AF_01/2024 | F41: m³ | G41: 11.51 | I41: =ROUND(G41*H41,2) -> 0 | J41: 53.3 | K41: 200.44 | L41: =$H$9 -> 0.2081 | M41: =ROUND(H41+H41*L41,2) -> 0 | N41: =J41+K41 -> 253.74 | O41: =ROUND(G41*J41,2) -> 613.48 | P41: =ROUND(G41*K41,2) -> 2307.06 | Q41: =ROUND(G41*M41,2) -> 0 | R41: =Q41/$P$586 -> #DIV/0!
B42: 2.1.5 | C42: 96534 | D42: SINAPI | E42: FABRICAÇÃO, MONTAGEM E DESMONTAGEM DE FÔRMA PARA BLOCO DE COROAMENTO, EM MADEIRA SERRADA, E=25 MM, 4 UTILIZAÇÕES. AF_01/2024 | F42: m² | G42: 589.52 | I42: =ROUND(G42*H42,2) -> 0 | J42: 48.96 | K42: 42.91 | L42: =$H$9 -> 0.2081 | M42: =ROUND(H42+H42*L42,2) -> 0 | N42: =J42+K42 -> 91.87 | O42: =ROUND(G42*J42,2) -> 28862.9 | P42: =ROUND(G42*K42,2) -> 25296.3 | Q42: =ROUND(G42*M42,2) -> 0 | R42: =Q42/$P$586 -> #DIV/0!
B43: 2.1.6 | C43: 96543 | D43: SINAPI | E43: ARMAÇÃO DE BLOCO UTILIZANDO AÇO CA-60 DE 5 MM - MONTAGEM. AF_01/2024 | F43: KG | G43: 787.6 | I43: =ROUND(G43*H43,2) -> 0 | J43: 10.29 | K43: 13.61 | L43: =$H$9 -> 0.2081 | M43: =ROUND(H43+H43*L43,2) -> 0 | N43: =J43+K43 -> 23.9 | O43: =ROUND(G43*J43,2) -> 8104.4 | P43: =ROUND(G43*K43,2) -> 10719.24 | Q43: =ROUND(G43*M43,2) -> 0 | R43: =Q43/$P$586 -> #DIV/0!
B44: 2.1.7 | C44: 96544 | D44: SINAPI | E44: ARMAÇÃO DE BLOCO UTILIZANDO AÇO CA-50 DE 6,3 MM - MONTAGEM. AF_01/2024 | F44: KG | G44: 32.1 | I44: =ROUND(G44*H44,2) -> 0 | J44: 7.56 | K44: 13.85 | L44: =$H$9 -> 0.2081 | M44: =ROUND(H44+H44*L44,2) -> 0 | N44: =J44+K44 -> 21.41 | O44: =ROUND(G44*J44,2) -> 242.68 | P44: =ROUND(G44*K44,2) -> 444.59 | Q44: =ROUND(G44*M44,2) -> 0 | R44: =Q44/$P$586 -> #DIV/0!
B45: 2.1.8 | C45: 96545 | D45: SINAPI | E45: ARMAÇÃO DE BLOCO UTILIZANDO AÇO CA-50 DE 8 MM - MONTAGEM. AF_01/2024 | F45: KG | G45: 1077.2 | I45: =ROUND(G45*H45,2) -> 0 | J45: 5.55 | K45: 13.64 | L45: =$H$9 -> 0.2081 | M45: =ROUND(H45+H45*L45,2) -> 0 | N45: =J45+K45 -> 19.19 | O45: =ROUND(G45*J45,2) -> 5978.46 | P45: =ROUND(G45*K45,2) -> 14693.01 | Q45: =ROUND(G45*M45,2) -> 0 | R45: =Q45/$P$586 -> #DIV/0!
B46: 2.1.9 | C46: 96546 | D46: SINAPI | E46: ARMAÇÃO DE BLOCO UTILIZANDO AÇO CA-50 DE 10 MM - MONTAGEM. AF_01/2024 | F46: KG | G46: 382.5 | I46: =ROUND(G46*H46,2) -> 0 | J46: 4.17 | K46: 12.57 | L46: =$H$9 -> 0.2081 | M46: =ROUND(H46+H46*L46,2) -> 0 | N46: =J46+K46 -> 16.74 | O46: =ROUND(G46*J46,2) -> 1595.03 | P46: =ROUND(G46*K46,2) -> 4808.03 | Q46: =ROUND(G46*M46,2) -> 0 | R46: =Q46/$P$586 -> #DIV/0!
B47: 2.1.10 | C47: 104920 | D47: SINAPI | E47: ARMAÇÃO DE BLOCO, SAPATA ISOLADA, VIGA BALDRAME E SAPATA CORRIDA UTILIZANDO AÇO CA-50 DE 12,5 MM - MONTAGEM. AF_01/2024 | F47: KG | G47: 673.9 | I47: =ROUND(G47*H47,2) -> 0 | J47: 2.31 | K47: 10.55 | L47: =$H$9 -> 0.2081 | M47: =ROUND(H47+H47*L47,2) -> 0 | N47: =J47+K47 -> 12.86 | O47: =ROUND(G47*J47,2) -> 1556.71 | P47: =ROUND(G47*K47,2) -> 7109.65 | Q47: =ROUND(G47*M47,2) -> 0 | R47: =Q47/$P$586 -> #DIV/0!
B48: 2.1.11 | C48: 96557 | D48: SINAPI | E48: CONCRETAGEM DE BLOCO DE COROAMENTO OU VIGA BALDRAME, FCK 30 MPA, COM USO DE BOMBA - LANÇAMENTO, ADENSAMENTO E ACABAMENTO. AF_01/2024 | F48: m³ | G48: 54.46 | I48: =ROUND(G48*H48,2) -> 0 | J48: 17.7 | K48: 944.51 | L48: =$H$9 -> 0.2081 | M48: =ROUND(H48+H48*L48,2) -> 0 | N48: =J48+K48 -> 962.21 | O48: =ROUND(G48*J48,2) -> 963.94 | P48: =ROUND(G48*K48,2) -> 51438.01 | Q48: =ROUND(G48*M48,2) -> 0 | R48: =Q48/$P$586 -> #DIV/0!
B49: 2.1.12 | C49: 100574 | D49: SINAPI | E49: ESPALHAMENTO DE MATERIAL COM TRATOR DE ESTEIRAS. AF_11/2019 | F49: m³ | G49: 355.64 | I49: =ROUND(G49*H49,2) -> 0 | J49: 0.42 | K49: 1.28 | L49: =$H$9 -> 0.2081 | M49: =ROUND(H49+H49*L49,2) -> 0 | N49: =J49+K49 -> 1.7 | O49: =ROUND(G49*J49,2) -> 149.37 | P49: =ROUND(G49*K49,2) -> 455.22 | Q49: =ROUND(G49*M49,2) -> 0 | R49: =Q49/$P$586 -> #DIV/0!
... B52: 2.1.15 | C52: 000128 | D52: SBC | E52: CONTROLE TECNOLOGICO DE CONCRETOS | F52: m³ | G52: 54.46 | I52: =ROUND(G52*H52,2) -> 0 | J52: 2.97 | K52: 111.15 | L52: =$H$9 -> 0.2081 | M52: =ROUND(H52+H52*L52,2) -> 0 | N52: =J52+K52 -> 114.12 | O52: =ROUND(G52*J52,2) -> 161.75 | P52: =ROUND(G52*K52,2) -> 6053.23 | Q52: =ROUND(G52*M52,2) -> 0 | R52: =Q52/$P$586 -> #DIV/0!
B53: 2.1.16 | C53: CPU1209 | D53: Próprio | E53: ESTACA ESCAVADA MECANICAMENTE, SEM FLUIDO ESTABILIZANTE, COM 30CM DE DIÂMETRO, CONCRETO LANÇADO POR CAMINHÃO BETONEIRA (EXCLUSIVE MOBILIZAÇÃO E DESMOBILIZAÇÃO). AF_01/2020_PA | F53: m | G53: 377.2 | I53: =ROUND(G53*H53,2) -> 0 | J53: =46.86+46.86*N9 -> 56.611566 | K53: =36.03+36.03*N9 -> 43.527843 | L53: =$H$9 -> 0.2081 | M53: =ROUND(H53+H53*L53,2) -> 0 | N53: =J53+K53 -> 100.13941 | O53: =ROUND(G53*J53,2) -> 21353.88 | P53: =ROUND(G53*K53,2) -> 16418.7 | Q53: =ROUND(G53*M53,2) -> 0 | R53: =Q53/$P$586 -> #DIV/0!
B54: 2.1.17 | C54: 95601 | D54: SINAPI | E54: ARRASAMENTO MECANICO DE ESTACA DE CONCRETO ARMADO, DIAMETROS DE ATÉ 40CM. AF_05/2021 | F54: UN | G54: 82 | I54: =ROUND(G54*H54,2) -> 0 | J54: =12.93+12.93*N9 -> 15.620733 | K54: =4.29+4.29*N9 -> 5.182749 | L54: =$H$9 -> 0.2081 | M54: =ROUND(H54+H54*L54,2) -> 0 | N54: =J54+K54 -> 20.803482 | O54: =ROUND(G54*J54,2) -> 1280.9 | P54: =ROUND(G54*K54,2) -> 424.99 | Q54: =ROUND(G54*M54,2) -> 0 | R54: =Q54/$P$586 -> #DIV/0!
B55: 2.2 | E55: FUNDAÇÃO MURO DE ARRIMO | Q55: =SUM(Q56:Q72) -> 0 | R55: =Q55/$P$586 -> #DIV/0!
B56: 2.2.1 | C56: 90100 | D56: SINAPI | E56: ESCAVAÇÃO MECANIZADA DE VALA COM PROF. ATÉ 1,5 M (MÉDIA MONTANTE E JUSANTE/UMA COMPOSIÇÃO POR TRECHO), RETROESCAV. (0,26 M3), LARG. DE 0,8 M A 1,5 M, EM SOLO DE 1A CATEGORIA, EM LOCAIS COM ALTO NÍVEL DE INTERFERÊNCIA. AF_02/2021 | F56: m³ | G56: 55.62 | I56: =ROUND(G56*H56,2) -> 0 | J56: 5.79 | K56: 10.6 | L56: =$H$9 -> 0.2081 | M56: =ROUND(H56+H56*L56,2) -> 0 | N56: =J56+K56 -> 16.39 | O56: =ROUND(G56*J56,2) -> 322.04 | P56: =ROUND(G56*K56,2) -> 589.57 | Q56: =ROUND(G56*M56,2) -> 0 | R56: =Q56/$P$586 -> #DIV/0!
B57: 2.2.2 | C57: 93358 | D57: SINAPI | E57: ESCAVAÇÃO MANUAL DE VALA COM PROFUNDIDADE MENOR OU IGUAL A 1,30 M. AF_02/2021 | F57: m³ | G57: 23.84 | I57: =ROUND(G57*H57,2) -> 0 | J57: 69.37 | K57: 28.15 | L57: =$H$9 -> 0.2081 | M57: =ROUND(H57+H57*L57,2) -> 0 | N57: =J57+K57 -> 97.52 | O57: =ROUND(G57*J57,2) -> 1653.78 | P57: =ROUND(G57*K57,2) -> 671.1 | Q57: =ROUND(G57*M57,2) -> 0 | R57: =Q57/$P$586 -> #DIV/0!
B58: 2.2.3 | C58: 100324 | D58: SINAPI | E58: LASTRO COM MATERIAL GRANULAR (PEDRA BRITADA N.1 E PEDRA BRITADA N.2), APLICADO EM PISOS OU LAJES SOBRE SOLO, ESPESSURA DE *10 CM*. AF_01/2024 | F58: m³ | G58: 70.65 | I58: =ROUND(G58*H58,2) -> 0 | J58: 53.3 | K58: 200.44 | L58: =$H$9 -> 0.2081 | M58: =ROUND(H58+H58*L58,2) -> 0 | N58: =J58+K58 -> 253.74 | O58: =ROUND(G58*J58,2) -> 3765.65 | P58: =ROUND(G58*K58,2) -> 14161.09 | Q58: =ROUND(G58*M58,2) -> 0 | R58: =Q58/$P$586 -> #DIV/0!
B59: 2.2.4 | C59: 96534 | D59: SINAPI | E59: FABRICAÇÃO, MONTAGEM E DESMONTAGEM DE FÔRMA PARA BLOCO DE COROAMENTO, EM MADEIRA SERRADA, E=25 MM, 4 UTILIZAÇÕES. AF_01/2024 | F59: m² | G59: 341.92 | I59: =ROUND(G59*H59,2) -> 0 | J59: 48.96 | K59: 42.91 | L59: =$H$9 -> 0.2081 | M59: =ROUND(H59+H59*L59,2) -> 0 | N59: =J59+K59 -> 91.87 | O59: =ROUND(G59*J59,2) -> 16740.4 | P59: =ROUND(G59*K59,2) -> 14671.79 | Q59: =ROUND(G59*M59,2) -> 0 | R59: =Q59/$P$586 -> #DIV/0!
B60: 2.2.5 | C60: 96543 | D60: SINAPI | E60: ARMAÇÃO DE BLOCO UTILIZANDO AÇO CA-60 DE 5 MM - MONTAGEM. AF_01/2024 | F60: KG | G60: 596.24 | I60: =ROUND(G60*H60,2) -> 0 | J60: 10.29 | K60: 13.61 | L60: =$H$9 -> 0.2081 | M60: =ROUND(H60+H60*L60,2) -> 0 | N60: =J60+K60 -> 23.9 | O60: =ROUND(G60*J60,2) -> 6135.31 | P60: =ROUND(G60*K60,2) -> 8114.83 | Q60: =ROUND(G60*M60,2) -> 0 | R60: =Q60/$P$586 -> #DIV/0!
B61: 2.2.6 | C61: 96544 | D61: SINAPI | E61: ARMAÇÃO DE BLOCO UTILIZANDO AÇO CA-50 DE 6,3 MM - MONTAGEM. AF_01/2024 | F61: KG | G61: 12.22 | I61: =ROUND(G61*H61,2) -> 0 | J61: 7.56 | K61: 13.85 | L61: =$H$9 -> 0.2081 | M61: =ROUND(H61+H61*L61,2) -> 0 | N61: =J61+K61 -> 21.41 | O61: =ROUND(G61*J61,2) -> 92.38 | P61: =ROUND(G61*K61,2) -> 169.25 | Q61: =ROUND(G61*M61,2) -> 0 | R61: =Q61/$P$586 -> #DIV/0!
B62: 2.2.7 | C62: 96545 | D62: SINAPI | E62: ARMAÇÃO DE BLOCO UTILIZANDO AÇO CA-50 DE 8 MM - MONTAGEM. AF_01/2024 | F62: KG | G62: 534.02 | I62: =ROUND(G62*H62,2) -> 0 | J62: 5.55 | K62: 13.64 | L62: =$H$9 -> 0.2081 | M62: =ROUND(H62+H62*L62,2) -> 0 | N62: =J62+K62 -> 19.19 | O62: =ROUND(G62*J62,2) -> 2963.81 | P62: =ROUND(G62*K62,2) -> 7284.03 | Q62: =ROUND(G62*M62,2) -> 0 | R62: =Q62/$P$586 -> #DIV/0!
B63: 2.2.8 | C63: 96546 | D63: SINAPI | E63: ARMAÇÃO DE BLOCO UTILIZANDO AÇO CA-50 DE 10 MM - MONTAGEM. AF_01/2024 | F63: KG | G63: 14.71 | I63: =ROUND(G63*H63,2) -> 0 | J63: 4.17 | K63: 12.57 | L63: =$H$9 -> 0.2081 | M63: =ROUND(H63+H63*L63,2) -> 0 | N63: =J63+K63 -> 16.74 | O63: =ROUND(G63*J63,2) -> 61.34 | P63: =ROUND(G63*K63,2) -> 184.9 | Q63: =ROUND(G63*M63,2) -> 0 | R63: =Q63/$P$586 -> #DIV/0!
B64: 2.2.9 | C64: 104920 | D64: SINAPI | E64: ARMAÇÃO DE BLOCO, SAPATA ISOLADA, VIGA BALDRAME E SAPATA CORRIDA UTILIZANDO AÇO CA-50 DE 12,5 MM - MONTAGEM. AF_01/2024 | F64: KG | G64: 773.36 | I64: =ROUND(G64*H64,2) -> 0 | J64: 2.31 | K64: 10.55 | L64: =$H$9 -> 0.2081 | M64: =ROUND(H64+H64*L64,2) -> 0 | N64: =J64+K64 -> 12.86 | O64: =ROUND(G64*J64,2) -> 1786.46 | P64: =ROUND(G64*K64,2) -> 8158.95 | Q64: =ROUND(G64*M64,2) -> 0 | R64: =Q64/$P$586 -> #DIV/0!
B65: 2.2.10 | C65: 104921 | D65: SINAPI | E65: ARMAÇÃO DE BLOCO, SAPATA ISOLADA, VIGA BALDRAME E SAPATA CORRIDA UTILIZANDO AÇO CA-50 DE 16 MM - MONTAGEM. AF_01/2024 | F65: KG | G65: 91.39 | I65: =ROUND(G65*H65,2) -> 0 | J65: 1.72 | K65: 10.36 | L65: =$H$9 -> 0.2081 | M65: =ROUND(H65+H65*L65,2) -> 0 | N65: =J65+K65 -> 12.08 | O65: =ROUND(G65*J65,2) -> 157.19 | P65: =ROUND(G65*K65,2) -> 946.8 | Q65: =ROUND(G65*M65,2) -> 0 | R65: =Q65/$P$586 -> #DIV/0!
B66: 2.2.11 | C66: CPU1210 | D66: Próprio | E66: CONCRETAGEM DE BLOCO DE COROAMENTO OU VIGA BALDRAME, FCK 35 MPA, COM USO DE BOMBA - LANÇAMENTO, ADENSAMENTO E ACABAMENTO. AF_01/2024 | F66: m³ | G66: 42.83 | I66: =ROUND(G66*H66,2) -> 0 | J66: =19.8+19.8*N9 -> 23.92038 | K66: =799.91+799.91*N9 -> 966.37127 | L66: =$H$9 -> 0.2081 | M66: =ROUND(H66+H66*L66,2) -> 0 | N66: =J66+K66 -> 990.29165 | O66: =ROUND(G66*J66,2) -> 1024.51 | P66: =ROUND(G66*K66,2) -> 41389.68 | Q66: =ROUND(G66*M66,2) -> 0 | R66: =Q66/$P$586 -> #DIV/0!
B67: 2.2.12 | C67: 93382 | D67: SINAPI | E67: REATERRO MANUAL DE VALAS, COM COMPACTADOR DE SOLOS DE PERCUSSÃO. AF_08/2023 | F67: m³ | G67: 36.63 | I67: =ROUND(G67*H67,2) -> 0 | J67: 20.88 | K67: 10.5 | L67: =$H$9 -> 0.2081 | M67: =ROUND(H67+H67*L67,2) -> 0 | N67: =J67+K67 -> 31.38 | O67: =ROUND(G67*J67,2) -> 764.83 | P67: =ROUND(G67*K67,2) -> 384.62 | Q67: =ROUND(G67*M67,2) -> 0 | R67: =Q67/$P$586 -> #DIV/0!
B68: 2.2.13 | C68: 98557 | D68: SINAPI | E68: IMPERMEABILIZAÇÃO DE SUPERFÍCIE COM EMULSÃO ASFÁLTICA, 2 DEMÃOS. AF_09/2023 | F68: m² | G68: 207.74 | I68: =ROUND(G68*H68,2) -> 0 | J68: 13.57 | K68: 36.3 | L68: =$H$9 -> 0.2081 | M68: =ROUND(H68+H68*L68,2) -> 0 | O68: =ROUND(G68*J68,2) -> 2819.03 | P68: =ROUND(G68*K68,2) -> 7540.96 | Q68: =ROUND(G68*M68,2) -> 0 | R68: =Q68/$P$586 -> #DIV/0!
B69: 2.2.14 | C69: 000128 | D69: SBC | E69: CONTROLE TECNOLOGICO DE CONCRETOS | F69: m³ | G69: 42.83 | I69: =ROUND(G69*H69,2) -> 0 | J69: 2.97 | K69: 111.15 | L69: =$H$9 -> 0.2081 | M69: =ROUND(H69+H69*L69,2) -> 0 | N69: =J69+K69 -> 114.12 | O69: =ROUND(G69*J69,2) -> 127.21 | P69: =ROUND(G69*K69,2) -> 4760.55 | Q69: =ROUND(G69*M69,2) -> 0 | R69: =Q69/$P$586 -> #DIV/0!
B70: 2.2.15 | C70: CPU1211 | D70: Próprio | E70: ESTACA ESCAVADA MECANICAMENTE, SEM FLUIDO ESTABILIZANTE, COM 30CM DE DIÂMETRO, CONCRETO LANÇADO POR CAMINHÃO BETONEIRA (EXCLUSIVE MOBILIZAÇÃO E DESMOBILIZAÇÃO). AF_01/2020_PA | F70: m | G70: 423 | I70: =ROUND(G70*H70,2) -> 0 | J70: =5.24+5.24*N9 -> 6.330444 | K70: =77.23+77.23*N9 -> 93.301563 | L70: =$H$9 -> 0.2081 | M70: =ROUND(H70+H70*L70,2) -> 0 | N70: =J70+K70 -> 99.632007 | O70: =ROUND(G70*J70,2) -> 2677.78 | P70: =ROUND(G70*K70,2) -> 39466.56 | Q70: =ROUND(G70*M70,2) -> 0 | R70: =Q70/$P$586 -> #DIV/0!
B71: 2.2.16 | C71: CPU1212 | D71: Próprio | E71: ESTACA ESCAVADA MECANICAMENTE, SEM FLUIDO ESTABILIZANTE, COM 30CM DE DIÂMETRO, CONCRETO LANÇADO POR CAMINHÃO BETONEIRA (EXCLUSIVE MOBILIZAÇÃO E DESMOBILIZAÇÃO). AF_01/2020_PA | F71: m | G71: 268 | I71: =ROUND(G71*H71,2) -> 0 | J71: =5.24+5.24*N9 -> 6.330444 | K71: =88.72+88.72*N9 -> 107.18263 | L71: =$H$9 -> 0.2081 | M71: =ROUND(H71+H71*L71,2) -> 0 | N71: =J71+K71 -> 113.51308 | O71: =ROUND(G71*J71,2) -> 1696.56 | P71: =ROUND(G71*K71,2) -> 28724.95 | Q71: =ROUND(G71*M71,2) -> 0 | R71: =Q71/$P$586 -> #DIV/0!
B72: 2.2.17 | C72: 95601 | D72: SINAPI | E72: ARRASAMENTO MECANICO DE ESTACA DE CONCRETO ARMADO, DIAMETROS DE ATÉ 40CM. AF_05/2021 | F72: UN | G72: 130 | I72: =ROUND(G72*H72,2) -> 0 | J72: =12.93+12.93*N9 -> 15.620733 | K72: =4.29+4.29*N9 -> 5.182749 | L72: =$H$9 -> 0.2081 | M72: =ROUND(H72+H72*L72,2) -> 0 | N72: =J72+K72 -> 20.803482 | O72: =ROUND(G72*J72,2) -> 2030.7 | P72: =ROUND(G72*K72,2) -> 673.76 | Q72: =ROUND(G72*M72,2) -> 0 | R72: =Q72/$P$586 -> #DIV/0!
B73: 3 | E73: ESTRUTURA | Q73: =SUM(Q74,Q80,Q88,Q97,Q107,Q120) -> 0 | R73: =Q73/$P$586 -> #DIV/0!
B74: 3.1.1 | E74: PILARES EDIFICAÇÃO E MURO DE FECHAMENTO | Q74: =SUM(Q75:Q79) -> 0 | R74: =Q74/$P$586 -> #DIV/0!
B75: 3.1.1.1 | C75: 92423 | D75: SINAPI | E75: MONTAGEM E DESMONTAGEM DE FÔRMA DE PILARES RETANGULARES E ESTRUTURAS SIMILARES, PÉ-DIREITO SIMPLES, EM CHAPA DE MADEIRA COMPENSADA RESINADA, 6 UTILIZAÇÕES. AF_09/2020 | F75: m² | G75: 438.61 | I75: =ROUND(G75*H75,2) -> 0 | J75: 31.54 | K75: 54.25 | L75: =$H$9 -> 0.2081 | M75: =ROUND(H75+H75*L75,2) -> 0 | N75: =J75+K75 -> 85.79 | O75: =ROUND(G75*J75,2) -> 13833.76 | P75: =ROUND(G75*K75,2) -> 23794.59 | Q75: =ROUND(G75*M75,2) -> 0 | R75: =Q75/$P$586 -> #DIV/0!
B76: 3.1.1.2 | C76: 92762 | D76: SINAPI | E76: ARMAÇÃO DE PILAR OU VIGA DE ESTRUTURA CONVENCIONAL DE CONCRETO ARMADO UTILIZANDO AÇO CA-50 DE 10,0 MM - MONTAGEM. AF_06/2022 | F76: KG | G76: 1670.82 | I76: =ROUND(G76*H76,2) -> 0 | J76: 1.38 | K76: 11.76 | L76: =$H$9 -> 0.2081 | M76: =ROUND(H76+H76*L76,2) -> 0 | N76: =J76+K76 -> 13.14 | O76: =ROUND(G76*J76,2) -> 2305.73 | P76: =ROUND(G76*K76,2) -> 19648.84 | Q76: =ROUND(G76*M76,2) -> 0 | R76: =Q76/$P$586 -> #DIV/0!
B77: 3.1.1.3 | C77: 92759 | D77: SINAPI | E77: ARMAÇÃO DE PILAR OU VIGA DE ESTRUTURA CONVENCIONAL DE CONCRETO ARMADO UTILIZANDO AÇO CA-60 DE 5,0 MM - MONTAGEM. AF_06/2022 | F77: KG | G77: 732.83 | I77: =ROUND(G77*H77,2) -> 0 | J77: 4.87 | K77: 11.98 | L77: =$H$9 -> 0.2081 | M77: =ROUND(H77+H77*L77,2) -> 0 | N77: =J77+K77 -> 16.85 | O77: =ROUND(G77*J77,2) -> 3568.88 | P77: =ROUND(G77*K77,2) -> 8779.3 | Q77: =ROUND(G77*M77,2) -> 0 | R77: =Q77/$P$586 -> #DIV/0!
B78: 3.1.1.4 | C78: CPU2284 | D78: Próprio | E78: CONCRETAGEM DE PILARES, FCK = 30 MPA, COM USO DE BOMBA - LANÇAMENTO, ADENSAMENTO E ACABAMENTO. AF_02/2022_PS | F78: m³ | G78: 31.72 | I78: =ROUND(G78*H78,2) -> 0 | J78: 35.46 | K78: 854.49 | L78: =$H$9 -> 0.2081 | M78: =ROUND(H78+H78*L78,2) -> 0 | N78: =J78+K78 -> 889.95 | O78: =ROUND(G78*J78,2) -> 1124.79 | P78: =ROUND(G78*K78,2) -> 27104.42 | Q78: =ROUND(G78*M78,2) -> 0 | R78: =Q78/$P$586 -> #DIV/0!
B79: 3.1.1.5 | C79: 000128 | D79: SBC | E79: CONTROLE TECNOLOGICO DE CONCRETOS | F79: m³ | G79: 31.72 | I79: =ROUND(G79*H79,2) -> 0 | J79: 2.97 | K79: 111.15 | L79: =$H$9 -> 0.2081 | M79: =ROUND(H79+H79*L79,2) -> 0 | N79: =J79+K79 -> 114.12 | O79: =ROUND(G79*J79,2) -> 94.21 | P79: =ROUND(G79*K79,2) -> 3525.68 | Q79: =ROUND(G79*M79,2) -> 0 | R79: =Q79/$P$586 -> #DIV/0!
B80: 3.1.2 | E80: PILARES MURO DE ARRIMO | Q80: =SUM(Q81:Q87) -> 0 | R80: =Q80/$P$586 -> #DIV/0!
B81: 3.1.2.1 | C81: 92423 | D81: SINAPI | E81: MONTAGEM E DESMONTAGEM DE FÔRMA DE PILARES RETANGULARES E ESTRUTURAS SIMILARES, PÉ-DIREITO SIMPLES, EM CHAPA DE MADEIRA COMPENSADA RESINADA, 6 UTILIZAÇÕES. AF_09/2020 | F81: m² | G81: 351.35 | I81: =ROUND(G81*H81,2) -> 0 | J81: 31.54 | K81: 54.25 | L81: =$H$9 -> 0.2081 | M81: =ROUND(H81+H81*L81,2) -> 0 | N81: =J81+K81 -> 85.79 | O81: =ROUND(G81*J81,2) -> 11081.58 | P81: =ROUND(G81*K81,2) -> 19060.74 | Q81: =ROUND(G81*M81,2) -> 0 | R81: =Q81/$P$586 -> #DIV/0!
B82: 3.1.2.2 | C82: 92759 | D82: SINAPI | E82: ARMAÇÃO DE PILAR OU VIGA DE ESTRUTURA CONVENCIONAL DE CONCRETO ARMADO UTILIZANDO AÇO CA-60 DE 5,0 MM - MONTAGEM. AF_06/2022 | F82: KG | G82: 521.2 | I82: =ROUND(G82*H82,2) -> 0 | J82: 4.87 | K82: 11.98 | L82: =$H$9 -> 0.2081 | M82: =ROUND(H82+H82*L82,2) -> 0 | N82: =J82+K82 -> 16.85 | O82: =ROUND(G82*J82,2) -> 2538.24 | P82: =ROUND(G82*K82,2) -> 6243.98 | Q82: =ROUND(G82*M82,2) -> 0 | R82: =Q82/$P$586 -> #DIV/0!
B83: 3.1.2.3 | C83: 92763 | D83: SINAPI | E83: ARMAÇÃO DE PILAR OU VIGA DE ESTRUTURA CONVENCIONAL DE CONCRETO ARMADO UTILIZANDO AÇO CA-50 DE 12,5 MM - MONTAGEM. AF_06/2022 | F83: KG | G83: 1654.5 | I83: =ROUND(G83*H83,2) -> 0 | J83: 0.87 | K83: 10.14 | L83: =$H$9 -> 0.2081 | M83: =ROUND(H83+H83*L83,2) -> 0 | N83: =J83+K83 -> 11.01 | O83: =ROUND(G83*J83,2) -> 1439.42 | P83: =ROUND(G83*K83,2) -> 16776.63 | Q83: =ROUND(G83*M83,2) -> 0 | R83: =Q83/$P$586 -> #DIV/0!
B84: 3.1.2.4 | C84: 92764 | D84: SINAPI | E84: ARMAÇÃO DE PILAR OU VIGA DE ESTRUTURA CONVENCIONAL DE CONCRETO ARMADO UTILIZANDO AÇO CA-50 DE 16,0 MM - MONTAGEM. AF_06/2022 | F84: KG | G84: 456.4 | I84: =ROUND(G84*H84,2) -> 0 | J84: =0.51+0.51*N9 -> 0.616131 | K84: =8.31+8.31*N9 -> 10.039311 | L84: =$H$9 -> 0.2081 | M84: =ROUND(H84+H84*L84,2) -> 0 | N84: =J84+K84 -> 10.655442 | O84: =ROUND(G84*J84,2) -> 281.2 | P84: =ROUND(G84*K84,2) -> 4581.94 | Q84: =ROUND(G84*M84,2) -> 0 | R84: =Q84/$P$586 -> #DIV/0!
B85: 3.1.2.5 | C85: 92765 | D85: SINAPI | E85: ARMAÇÃO DE PILAR OU VIGA DE ESTRUTURA CONVENCIONAL DE CONCRETO ARMADO UTILIZANDO AÇO CA-50 DE 20,0 MM - MONTAGEM. AF_06/2022 | F85: KG | G85: 507.7 | I85: =ROUND(G85*H85,2) -> 0 | J85: =0.38+0.38*N9 -> 0.459078 | K85: =9.64+9.64*N9 -> 11.646084 | L85: =$H$9 -> 0.2081 | M85: =ROUND(H85+H85*L85,2) -> 0 | N85: =J85+K85 -> 12.105162 | O85: =ROUND(G85*J85,2) -> 233.07 | P85: =ROUND(G85*K85,2) -> 5912.72 | Q85: =ROUND(G85*M85,2) -> 0 | R85: =Q85/$P$586 -> #DIV/0!
B86: 3.1.2.6 | C86: CPU2284 | D86: Próprio | E86: CONCRETAGEM DE PILARES, FCK = 35 MPA, COM USO DE BOMBA - LANÇAMENTO, ADENSAMENTO E ACABAMENTO. AF_02/2022_PS | F86: m³ | G86: 24.12 | I86: =ROUND(G86*H86,2) -> 0 | J86: =40.18+40.18*N9 -> 48.541458 | K86: =717.31+717.31*N9 -> 866.58221 | L86: =$H$9 -> 0.2081 | M86: =ROUND(H86+H86*L86,2) -> 0 | N86: =J86+K86 -> 915.12367 | O86: =ROUND(G86*J86,2) -> 1170.82 | P86: =ROUND(G86*K86,2) -> 20901.96 | Q86: =ROUND(G86*M86,2) -> 0 | R86: =Q86/$P$586 -> #DIV/0!
B87: 3.1.2.7 | C87: 000128 | D87: SBC | E87: CONTROLE TECNOLOGICO DE CONCRETOS | F87: m³ | G87: 24.12 | I87: =ROUND(G87*H87,2) -> 0 | J87: 2.97 | K87: 111.15 | L87: =$H$9 -> 0.2081 | M87: =ROUND(H87+H87*L87,2) -> 0 | N87: =J87+K87 -> 114.12 | O87: =ROUND(G87*J87,2) -> 71.64 | P87: =ROUND(G87*K87,2) -> 2680.94 | Q87: =ROUND(G87*M87,2) -> 0 | R87: =Q87/$P$586 -> #DIV/0!
B88: 3.2.1 | E88: VIGAS EDIFICAÇÃO E MURO DE FECHAMENTO | Q88: =SUM(Q89:Q96) -> 0 | R88: =Q88/$P$586 -> #DIV/0!
B89: 3.2.1.1 | C89: 92460 | D89: SINAPI | E89: MONTAGEM E DESMONTAGEM DE FÔRMA DE VIGA, ESCORAMENTO METÁLICO, PÉ-DIREITO SIMPLES, EM CHAPA DE MADEIRA RESINADA, 6 UTILIZAÇÕES. AF_09/2020 | F89: m² | G89: 471.55 | I89: =ROUND(G89*H89,2) -> 0 | J89: 56.83 | K89: 91.95 | L89: =$H$9 -> 0.2081 | M89: =ROUND(H89+H89*L89,2) -> 0 | N89: =J89+K89 -> 148.78 | O89: =ROUND(G89*J89,2) -> 26798.19 | P89: =ROUND(G89*K89,2) -> 43359.02 | Q89: =ROUND(G89*M89,2) -> 0 | R89: =Q89/$P$586 -> #DIV/0!
B90: 3.2.1.2 | C90: 92760 | D90: SINAPI | E90: ARMAÇÃO DE PILAR OU VIGA DE ESTRUTURA CONVENCIONAL DE CONCRETO ARMADO UTILIZANDO AÇO CA-50 DE 6,3 MM - MONTAGEM. AF_06/2022 | F90: KG | G90: 314.3 | I90: =ROUND(G90*H90,2) -> 0 | J90: 3.23 | K90: 12.58 | L90: =$H$9 -> 0.2081 | M90: =ROUND(H90+H90*L90,2) -> 0 | N90: =J90+K90 -> 15.81 | O90: =ROUND(G90*J90,2) -> 1015.19 | P90: =ROUND(G90*K90,2) -> 3953.89 | Q90: =ROUND(G90*M90,2) -> 0 | R90: =Q90/$P$586 -> #DIV/0!
B91: 3.2.1.3 | C91: 92761 | D91: SINAPI | E91: ARMAÇÃO DE PILAR OU VIGA DE ESTRUTURA CONVENCIONAL DE CONCRETO ARMADO UTILIZANDO AÇO CA-50 DE 8,0 MM - MONTAGEM. AF_06/2022 | F91: KG | G91: 1376.85 | I91: =ROUND(G91*H91,2) -> 0 | J91: 2.11 | K91: 12.64 | L91: =$H$9 -> 0.2081 | M91: =ROUND(H91+H91*L91,2) -> 0 | N91: =J91+K91 -> 14.75 | O91: =ROUND(G91*J91,2) -> 2905.15 | P91: =ROUND(G91*K91,2) -> 17403.38 | Q91: =ROUND(G91*M91,2) -> 0 | R91: =Q91/$P$586 -> #DIV/0!
B92: 3.2.1.4 | C92: 92762 | D92: SINAPI | E92: ARMAÇÃO DE PILAR OU VIGA DE ESTRUTURA CONVENCIONAL DE CONCRETO ARMADO UTILIZANDO AÇO CA-50 DE 10,0 MM - MONTAGEM. AF_06/2022 | F92: KG | G92: 344.1 | I92: =ROUND(G92*H92,2) -> 0 | J92: 1.38 | K92: 11.76 | L92: =$H$9 -> 0.2081 | M92: =ROUND(H92+H92*L92,2) -> 0 | N92: =J92+K92 -> 13.14 | O92: =ROUND(G92*J92,2) -> 474.86 | P92: =ROUND(G92*K92,2) -> 4046.62 | Q92: =ROUND(G92*M92,2) -> 0 | R92: =Q92/$P$586 -> #DIV/0!
B93: 3.2.1.5 | C93: 92763 | D93: SINAPI | E93: ARMAÇÃO DE PILAR OU VIGA DE ESTRUTURA CONVENCIONAL DE CONCRETO ARMADO UTILIZANDO AÇO CA-50 DE 12,5 MM - MONTAGEM. AF_06/2022 | F93: KG | G93: 978.4 | I93: =ROUND(G93*H93,2) -> 0 | J93: 0.87 | K93: 10.14 | L93: =$H$9 -> 0.2081 | M93: =ROUND(H93+H93*L93,2) -> 0 | N93: =J93+K93 -> 11.01 | O93: =ROUND(G93*J93,2) -> 851.21 | P93: =ROUND(G93*K93,2) -> 9920.98 | Q93: =ROUND(G93*M93,2) -> 0 | R93: =Q93/$P$586 -> #DIV/0!
B94: 3.2.1.6 | C94: 92759 | D94: SINAPI | E94: ARMAÇÃO DE PILAR OU VIGA DE ESTRUTURA CONVENCIONAL DE CONCRETO ARMADO UTILIZANDO AÇO CA-60 DE 5,0 MM - MONTAGEM. AF_06/2022 | F94: KG | G94: 982.41 | I94: =ROUND(G94*H94,2) -> 0 | J94: 4.87 | K94: 11.98 | L94: =$H$9 -> 0.2081 | M94: =ROUND(H94+H94*L94,2) -> 0 | N94: =J94+K94 -> 16.85 | O94: =ROUND(G94*J94,2) -> 4784.34 | P94: =ROUND(G94*K94,2) -> 11769.27 | Q94: =ROUND(G94*M94,2) -> 0 | R94: =Q94/$P$586 -> #DIV/0!
B95: 3.2.1.7 | C95: CPU2283 | D95: Próprio | E95: CONCRETAGEM DE VIGAS E LAJES, FCK=30 MPA, PARA LAJES MACIÇAS OU NERVURADAS COM USO DE BOMBA - LANÇAMENTO, ADENSAMENTO E ACABAMENTO. | F95: m³ | G95: 50.41 | I95: =ROUND(G95*H95,2) -> 0 | J95: 37.89 | K95: 853.97 | L95: =$H$9 -> 0.2081 | M95: =ROUND(H95+H95*L95,2) -> 0 | N95: =J95+K95 -> 891.86 | O95: =ROUND(G95*J95,2) -> 1910.03 | P95: =ROUND(G95*K95,2) -> 43048.63 | Q95: =ROUND(G95*M95,2) -> 0 | R95: =Q95/$P$586 -> #DIV/0!
B96: 3.2.1.8 | C96: 000128 | D96: SBC | E96: CONTROLE TECNOLOGICO DE CONCRETOS | F96: m³ | G96: 50.41 | I96: =ROUND(G96*H96,2) -> 0 | J96: 2.97 | K96: 111.15 | L96: =$H$9 -> 0.2081 | M96: =ROUND(H96+H96*L96,2) -> 0 | N96: =J96+K96 -> 114.12 | O96: =ROUND(G96*J96,2) -> 149.72 | P96: =ROUND(G96*K96,2) -> 5603.07 | Q96: =ROUND(G96*M96,2) -> 0 | R96: =Q96/$P$586 -> #DIV/0!
B97: 3.2.2 | E97: VIGAS MURO DE ARRIMO | Q97: =SUM(Q98:Q106) -> 0 | R97: =Q97/$P$586 -> #DIV/0!
B98: 3.2.2.1 | C98: 92460 | D98: SINAPI | E98: MONTAGEM E DESMONTAGEM DE FÔRMA DE VIGA, ESCORAMENTO METÁLICO, PÉ-DIREITO SIMPLES, EM CHAPA DE MADEIRA RESINADA, 6 UTILIZAÇÕES. AF_09/2020 | F98: m² | G98: 270.48 | I98: =ROUND(G98*H98,2) -> 0 | J98: 56.83 | K98: 91.95 | L98: =$H$9 -> 0.2081 | M98: =ROUND(H98+H98*L98,2) -> 0 | N98: =J98+K98 -> 148.78 | O98: =ROUND(G98*J98,2) -> 15371.38 | P98: =ROUND(G98*K98,2) -> 24870.64 | Q98: =ROUND(G98*M98,2) -> 0 | R98: =Q98/$P$586 -> #DIV/0!
B99: 3.2.2.2 | C99: 92760 | D99: SINAPI | E99: ARMAÇÃO DE PILAR OU VIGA DE ESTRUTURA CONVENCIONAL DE CONCRETO ARMADO UTILIZANDO AÇO CA-50 DE 6,3 MM - MONTAGEM. AF_06/2022 | F99: KG | G99: 31.28 | I99: =ROUND(G99*H99,2) -> 0 | J99: 3.23 | K99: 12.58 | L99: =$H$9 -> 0.2081 | M99: =ROUND(H99+H99*L99,2) -> 0 | N99: =J99+K99 -> 15.81 | O99: =ROUND(G99*J99,2) -> 101.03 | P99: =ROUND(G99*K99,2) -> 393.5 | Q99: =ROUND(G99*M99,2) -> 0 | R99: =Q99/$P$586 -> #DIV/0!
B100: 3.2.2.3 | C100: 92761 | D100: SINAPI | E100: ARMAÇÃO DE PILAR OU VIGA DE ESTRUTURA CONVENCIONAL DE CONCRETO ARMADO UTILIZANDO AÇO CA-50 DE 8,0 MM - MONTAGEM. AF_06/2022 | F100: KG | G100: 409.08 | I100: =ROUND(G100*H100,2) -> 0 | J100: 2.11 | K100: 12.64 | L100: =$H$9 -> 0.2081 | M100: =ROUND(H100+H100*L100,2) -> 0 | N100: =J100+K100 -> 14.75 | O100: =ROUND(G100*J100,2) -> 863.16 | P100: =ROUND(G100*K100,2) -> 5170.77 | Q100: =ROUND(G100*M100,2) -> 0 | R100: =Q100/$P$586 -> #DIV/0!
B101: 3.2.2.4 | C101: 92762 | D101: SINAPI | E101: ARMAÇÃO DE PILAR OU VIGA DE ESTRUTURA CONVENCIONAL DE CONCRETO ARMADO UTILIZANDO AÇO CA-50 DE 10,0 MM - MONTAGEM. AF_06/2022 | F101: KG | G101: 46.49 | I101: =ROUND(G101*H101,2) -> 0 | J101: 1.38 | K101: 11.76 | L101: =$H$9 -> 0.2081 | M101: =ROUND(H101+H101*L101,2) -> 0 | N101: =J101+K101 -> 13.14 | O101: =ROUND(G101*J101,2) -> 64.16 | P101: =ROUND(G101*K101,2) -> 546.72 | Q101: =ROUND(G101*M101,2) -> 0 | R101: =Q101/$P$586 -> #DIV/0!
B102: 3.2.2.5 | C102: 92763 | D102: SINAPI | E102: ARMAÇÃO DE PILAR OU VIGA DE ESTRUTURA CONVENCIONAL DE CONCRETO ARMADO UTILIZANDO AÇO CA-50 DE 12,5 MM - MONTAGEM. AF_06/2022 | F102: KG | G102: 1174.64 | I102: =ROUND(G102*H102,2) -> 0 | J102: 0.87 | K102: 10.14 | L102: =$H$9 -> 0.2081 | M102: =ROUND(H102+H102*L102,2) -> 0 | N102: =J102+K102 -> 11.01 | O102: =ROUND(G102*J102,2) -> 1021.94 | P102: =ROUND(G102*K102,2) -> 11910.85 | Q102: =ROUND(G102*M102,2) -> 0 | R102: =Q102/$P$586 -> #DIV/0!
B103: 3.2.2.6 | C103: 92764 | D103: SINAPI | E103: ARMAÇÃO DE PILAR OU VIGA DE ESTRUTURA CONVENCIONAL DE CONCRETO ARMADO UTILIZANDO AÇO CA-50 DE 16,0 MM - MONTAGEM. AF_06/2022 | F103: KG | G103: 273.71 | I103: =ROUND(G103*H103,2) -> 0 | J103: 0.62 | K103: 10.03 | L103: =$H$9 -> 0.2081 | M103: =ROUND(H103+H103*L103,2) -> 0 | N103: =J103+K103 -> 10.65 | O103: =ROUND(G103*J103,2) -> 169.7 | P103: =ROUND(G103*K103,2) -> 2745.31 | Q103: =ROUND(G103*M103,2) -> 0 | R103: =Q103/$P$586 -> #DIV/0!
B104: 3.2.2.7 | C104: 92759 | D104: SINAPI | E104: ARMAÇÃO DE PILAR OU VIGA DE ESTRUTURA CONVENCIONAL DE CONCRETO ARMADO UTILIZANDO AÇO CA-60 DE 5,0 MM - MONTAGEM. AF_06/2022 | F104: KG | G104: 329.56 | I104: =ROUND(G104*H104,2) -> 0 | J104: 4.87 | K104: 11.98 | L104: =$H$9 -> 0.2081 | M104: =ROUND(H104+H104*L104,2) -> 0 | N104: =J104+K104 -> 16.85 | O104: =ROUND(G104*J104,2) -> 1604.96 | P104: =ROUND(G104*K104,2) -> 3948.13 | Q104: =ROUND(G104*M104,2) -> 0 | R104: =Q104/$P$586 -> #DIV/0!
B105: 3.2.2.8 | C105: CPU2283 | D105: Próprio | E105: CONCRETAGEM DE VIGAS E LAJES, FCK=30 MPA, PARA LAJES MACIÇAS OU NERVURADAS COM USO DE BOMBA - LANÇAMENTO, ADENSAMENTO E ACABAMENTO. | F105: m³ | G105: 19.49 | I105: =ROUND(G105*H105,2) -> 0 | J105: =41.76+41.76*N9 -> 50.450256 | K105: =717.31+717.31*N9 -> 866.58221 | L105: =$H$9 -> 0.2081 | M105: =ROUND(H105+H105*L105,2) -> 0 | N105: =J105+K105 -> 917.03247 | O105: =ROUND(G105*J105,2) -> 983.28 | P105: =ROUND(G105*K105,2) -> 16889.69 | Q105: =ROUND(G105*M105,2) -> 0 | R105: =Q105/$P$586 -> #DIV/0!
B106: 3.2.2.9 | C106: 000128 | D106: SBC | E106: CONTROLE TECNOLOGICO DE CONCRETOS | F106: m³ | G106: 19.49 | I106: =ROUND(G106*H106,2) -> 0 | J106: 2.97 | K106: 111.15 | L106: =$H$9 -> 0.2081 | M106: =ROUND(H106+H106*L106,2) -> 0 | N106: =J106+K106 -> 114.12 | O106: =ROUND(G106*J106,2) -> 57.89 | P106: =ROUND(G106*K106,2) -> 2166.31 | Q106: =ROUND(G106*M106,2) -> 0 | R106: =Q106/$P$586 -> #DIV/0!
B107: 3.3 | E107: LAJES | Q107: =SUM(Q108:Q119) -> 0 | R107: =Q107/$P$586 -> #DIV/0!
B108: 3.3.1 | C108: 92515 | D108: SINAPI | E108: MONTAGEM E DESMONTAGEM DE FÔRMA DE LAJE MACIÇA, PÉ-DIREITO DUPLO, EM CHAPA DE MADEIRA COMPENSADA RESINADA, 6 UTILIZAÇÕES. AF_09/2020 | F108: m² | G108: 63.81 | I108: =ROUND(G108*H108,2) -> 0 | J108: 30.84 | K108: 63.68 | L108: =$H$9 -> 0.2081 | M108: =ROUND(H108+H108*L108,2) -> 0 | N108: =J108+K108 -> 94.52 | O108: =ROUND(G108*J108,2) -> 1967.9 | P108: =ROUND(G108*K108,2) -> 4063.42 | Q108: =ROUND(G108*M108,2) -> 0 | R108: =Q108/$P$586 -> #DIV/0!
B109: 3.3.2 | C109: 92768 | D109: SINAPI | E109: ARMAÇÃO DE LAJE DE ESTRUTURA CONVENCIONAL DE CONCRETO ARMADO UTILIZANDO AÇO CA-60 DE 5,0 MM - MONTAGEM. AF_06/2022 | F109: KG | G109: 87.3 | I109: =ROUND(G109*H109,2) -> 0 | J109: 4.17 | K109: 12.03 | L109: =$H$9 -> 0.2081 | M109: =ROUND(H109+H109*L109,2) -> 0 | N109: =J109+K109 -> 16.2 | O109: =ROUND(G109*J109,2) -> 364.04 | P109: =ROUND(G109*K109,2) -> 1050.22 | Q109: =ROUND(G109*M109,2) -> 0 | R109: =Q109/$P$586 -> #DIV/0!
B110: 3.3.3 | C110: 92769 | D110: SINAPI | E110: ARMAÇÃO DE LAJE DE ESTRUTURA CONVENCIONAL DE CONCRETO ARMADO UTILIZANDO AÇO CA-50 DE 6,3 MM - MONTAGEM. AF_06/2022 | F110: KG | G110: 157.4 | I110: =ROUND(G110*H110,2) -> 0 | J110: 2.66 | K110: 12.5 | L110: =$H$9 -> 0.2081 | M110: =ROUND(H110+H110*L110,2) -> 0 | N110: =J110+K110 -> 15.16 | O110: =ROUND(G110*J110,2) -> 418.68 | P110: =ROUND(G110*K110,2) -> 1967.5 | Q110: =ROUND(G110*M110,2) -> 0 | R110: =Q110/$P$586 -> #DIV/0!
B111: 3.3.4 | C111: 92770 | D111: SINAPI | E111: ARMAÇÃO DE LAJE DE ESTRUTURA CONVENCIONAL DE CONCRETO ARMADO UTILIZANDO AÇO CA-50 DE 8,0 MM - MONTAGEM. AF_06/2022 | F111: KG | G111: 1415.9 | I111: =ROUND(G111*H111,2) -> 0 | J111: 1.64 | K111: 12.5 | L111: =$H$9 -> 0.2081 | M111: =ROUND(H111+H111*L111,2) -> 0 | N111: =J111+K111 -> 14.14 | O111: =ROUND(G111*J111,2) -> 2322.08 | P111: =ROUND(G111*K111,2) -> 17698.75 | Q111: =ROUND(G111*M111,2) -> 0 | R111: =Q111/$P$586 -> #DIV/0!
B112: 3.3.5 | C112: 92771 | D112: SINAPI | E112: ARMAÇÃO DE LAJE DE ESTRUTURA CONVENCIONAL DE CONCRETO ARMADO UTILIZANDO AÇO CA-50 DE 10,0 MM - MONTAGEM. AF_06/2022 | F112: KG | G112: 411.1 | I112: =ROUND(G112*H112,2) -> 0 | J112: 0.98 | K112: 11.6 | L112: =$H$9 -> 0.2081 | M112: =ROUND(H112+H112*L112,2) -> 0 | N112: =J112+K112 -> 12.58 | O112: =ROUND(G112*J112,2) -> 402.88 | P112: =ROUND(G112*K112,2) -> 4768.76 | Q112: =ROUND(G112*M112,2) -> 0 | R112: =Q112/$P$586 -> #DIV/0!
...

Sheet BDI SEM DESONERAÇÃO
B2: BONIFICAÇÕES E DESPESAS INDIRETAS
B8: ='DADOS GERAIS'!B8 -> Secretaria de Atenção Primária à Saúde | D8: BDI Geral: | E8: Encargo Social Mensalista: | F8: ='DADOS GERAIS'!$B$22 -> Data:
B9: ='DADOS GERAIS'!B9 -> Unidade Básica de Saúde Porte 3 - Área Construída: 665,76m² | D9: ='DADOS GERAIS'!C19 -> 0.20812597 | E9: ='ENCARGOS SOCIAIS'!F56 -> 0.6779 | F9: ='DADOS GERAIS'!$C$22 -> 19/03/2025
B11: ='DADOS GERAIS'!B11 -> Bancos: | D11: BDI Equipamentos: | E11: Encargo Social Horista: | F11: ='DADOS GERAIS'!$B$23 -> Revisão:
B12: ='DADOS GERAIS'!B12 -> SINAPI (11/2024) - CPOS/CDHU (01/2025) - SBC (01/2025) - ORSE (10/2024) - IOPES (08/2024) - EMOP (11/2024) - SEINFRA (028) - SETOP (10/2024) | D12: ='DADOS GERAIS'!C20 -> 0.13512301 | E12: ='ENCARGOS SOCIAIS'!E56 -> 1.08904 | F12: ='DADOS GERAIS'!$C$23 -> 01
B15: Fórmula (Bonificações e Despesas Indiretas):
B22: ITEM | C22: DESCRIÇÃO | D22: CÓD | E22: GERAL VALORES PROPOSTOS (%) | F22: EQUIPAMENTOS VALORES PROPOSTOS (%)
B25: 1 | C25: Administração Central | D25: AC | E25: 0.0455 | F25: 0.0345
B26: 2 | C26: Riscos | D26: R | E26: 0.0128 | F26: 0.0085
B27: 3 | C27: Seguros e Garantias | D27: SG | E27: 0.008 | F27: 0.0048
B28: 4 | C28: Despesas Financeiras | D28: DF | E28: 0.0123 | F28: 0.0085
B29: 5 | C29: Lucro | D29: L | E29: 0.0616 | F29: 0.035
B30: 6 | C30: Impostos | D30: I | E30: =SUM(E31:E34) -> 0.0515 | F30: =SUM(F31:F34) -> 0.0365
B31: 6.1 | C31: PIS | E31: 0.0065 | F31: 0.0065
B32: 6.2 | C32: COFINS | E32: 0.03 | F32: 0.03
B33: 6.3 | C33: ISSQN | E33: 0.015 | F33: 0
B34: 6.4 | C34: CPRB | E34: 0 | F34: 0
B36: BDI | E36: =((1+E25+E26+E27)*(1+E28)*(1+E29)/(1-E30))-1 -> 0.20812597 | F36: =((1+F25+F26+F27)*(1+F28)*(1+F29)/(1-F30))-1 -> 0.13512301
B39: FONTE:
B40: 1. | C40: Tribunal de Contas da União - TC 036.076/2011-2 - Acórdão Nº 2622/2013
B41: 2. | C41: ISS conforme a Lei Complementar 116/2003 e a Lei 11.438/1997 da Prefeitura Municipal de São Paulo. A responsabilidade pela adequação do ISS às normas vigentes no município cabe a cada ente competente.
B42: 3. | C42: Quanto ao ISS o TCU orienta observar a Legislação do Município. No referido acórdão o TCU partiu da premissa de incidência do Iss em 50% do Preço de Venda, com percentuais de 2%, 3%, 4% e 5%.
B44: NOTAS:
B45: 1. | C45: Deverão ser obedecidas as legislações trabalhistas e tributária vigentes, inclusive acordos de classes, sob pena de desclassificação da Proposta de Preços;
B46: 2. | C46: É de responsabilidade da proponente a adequação de todas as fórmulas utilizadas na planilha orçamentária.
B48: ________________________________________________________________________________
B52: ='DADOS GERAIS'!C24 -> 0
B53: ='DADOS GERAIS'!C25 -> 0

Sheet ENCARGOS SOCIAIS
B2: COMPOSIÇÃO ANALÍTICA DAS TAXAS DE ENCARGOS SOCIAIS
B8: ='DADOS GERAIS'!B8 -> Secretaria de Atenção Primária à Saúde | D8: BDI Geral: | E8: Encargo Social Mensalista: | F8: ='DADOS GERAIS'!$B$22 -> Data:
B9: ='DADOS GERAIS'!B9 -> Unidade Básica de Saúde Porte 3 - Área Construída: 665,76m² | D9: ='DADOS GERAIS'!C19 -> 0.20812597 | E9: ='ENCARGOS SOCIAIS'!F56 -> 0.6779 | F9: ='DADOS GERAIS'!$C$22 -> 19/03/2025
B11: ='DADOS GERAIS'!B11 -> Bancos: | D11: BDI Equipamentos: | E11: Encargo Social Horista: | F11: ='DADOS GERAIS'!$B$23 -> Revisão:
B12: ='DADOS GERAIS'!B12 -> SINAPI (11/2024) - CPOS/CDHU (01/2025) - SBC (01/2025) - ORSE (10/2024) - IOPES (08/2024) - EMOP (11/2024) - SEINFRA (028) - SETOP (10/2024) | D12: ='DADOS GERAIS'!C20 -> 0.13512301 | E12: ='ENCARGOS SOCIAIS'!E56 -> 1.08904 | F12: ='DADOS GERAIS'!$C$23 -> 01
B15: ENCARGOS SOCIAIS SOBRE A MÃO DE OBRA
B16: CÓDIGO | C16: DESCRIÇÃO | E16: COM DESONERAÇÃO
E17: HORISTA (%) | F17: MENSALISTA (%)
B19: GRUPO A
B20: A1 | C20: INSS | E20: 0.2 | F20: 0.2
B21: A2 | C21: SESI | E21: 0.015 | F21: 0.015
B22: A3 | C22: SENAI | E22: 0.01 | F22: 0.01
B23: A4 | C23: INCRA | E23: 0.002 | F23: 0.002
B24: A5 | C24: SEBRAE | E24: 0.006 | F24: 0.006
B25: A6 | C25: Salário Educação | E25: 0.025 | F25: 0.025
B26: A7 | C26: Seguro Contra Acidentes de Trabalho | E26: 0.03 | F26: 0.03
B27: A8 | C27: FGTS | E27: 0.08 | F27: 0.08
B28: A9 | C28: SECONCI | E28: 0.012 | F28: 0.012
B29: A | C29: Total | E29: =SUBTOTAL(9,E20:E28) -> 0.38 | F29: =SUBTOTAL(9,F20:F28) -> 0.38
B31: GRUPO B
B32: B1 | C32: Repouso Semanal Remunerado | E32: 0.1776 | F32: Não incide
B33: B2 | C33: Feriados | E33: 0.0368 | F33: Não incide
B34: B3 | C34: Auxílio-Enfermidade | E34: 0.0086 | F34: 0.0064
B35: B4 | C35: 13º Salário | E35: 0.1114 | F35: 0.0833
B36: B5 | C36: Licença Paternidade | E36: 0.0006 | F36: 0.0004
B37: B6 | C37: Faltas Justificadas | E37: 0.0074 | F37: 0.0056
B38: B7 | C38: Dias de Chuva | E38: 0.011 | F38: Não incide
B39: B8 | C39: Auxílo Acidente de Trabalho | E39: 0.001 | F39: 0.0008
B40: B9 | C40: Férias Gozadas | E40: 0 | F40: 0
B41: B10 | C41: Salário Maternidade | E41: 0.0004 | F41: 0.0003
B42: B | C42: Total | E42: =SUBTOTAL(9,E32:E41) -> 0.3548 | F42: =SUBTOTAL(9,F32:F41) -> 0.0968
B44: GRUPO C
B45: C1 | C45: Aviso Prévio Indenizado | E45: 0.0601 | F45: 0.045
B46: C2 | C46: Aviso Prévio Trabalhado | E46: 0.0014 | F46: 0.0011
B47: C3 | C47: Férias Indenizadas | E47: 0.1216 | F47: 0.091
B48: C4 | C48: Depósito Recisão sem justa causa | E48: 0.0259 | F48: 0.0194
B49: C5 | C49: Indenização Adicional | E49: 0.0051 | F49: 0.0038
B50: C | C50: Total | E50: =SUBTOTAL(9,E45:E49) -> 0.2141 | F50: =SUBTOTAL(9,F45:F49) -> 0.1603
B52: GRUPO D
B53: D1 | C53: Reincidência de Grupo A sobre Grupo B | E53: =ROUND(E42*E29,4) -> 0.1348 | F53: =ROUND(F42*F29,4) -> 0.0368
B54: D2 | C54: Reincidência de Grupo A sobre Aviso Prévio Trabalhado e Reincidência do FGTS sobre Aviso Prévio Indenizado | E54: =E29*E46+E27*E45 -> 0.00534 | F54: =F29*F46+F27*F45 -> 0.004018
B55: D | C55: Total | E55: =SUBTOTAL(9,E53:E54) -> 0.14014 | F55: =ROUND(SUBTOTAL(9,F53:F54),4) -> 0.0408
B56: TOTAL (A+B+C+D) | E56: =SUM(E29,E42,E50,E55) -> 1.08904 | F56: =SUM(F29,F42,F50,F55) -> 0.6779
B58: FONTE:
B59: 1. | C59: SINAPI - Encargos Sociais a partir de dezembro de 2023.
B61: NOTAS:
B62: 1. | C62: Deverão ser obedecidas as legislações trabalhistas e tributária vigentes, inclusive acordos de classes, sob pena de desclassificação da Proposta de Preços;
B63: 2. | C63: É de responsabilidade da proponente a adequação de todas as fórmulas utilizadas na planilha orçamentária.
B66: ________________________________________________________________________________
B71: ='DADOS GERAIS'!C24 -> 0
B72: ='DADOS GERAIS'!C25 -> 0
